 Dungeon Crawl Stone Soup version 0.30.1 (webtiles) character file.

Game seed: 41055529675333259

14332605 Bnni the Plane Walker (level 27, 198/208 HPs)
             Began as a Barachi Fighter on June 30, 2023.
             Was the Champion of Cheibriados.
             Escaped with the Orb
             ... and 15 runes on July 7, 2023!
             The game lasted 10:13:55 (111415 turns).

Bnni the Plane Walker (Barachi Fighter)           Turns: 111415, Time: 10:13:56

Health: 198/208    AC: 70    Str: 48    XL:     27
Magic:  54/54      EV: 40    Int: 30    God:    Cheibriados [******]
Gold:   16819      SH: 39    Dex: 36    Spells: 2/80 levels left

rFire   + + .        M - +13 sceptre of Asmodeus
rCold   + + .        A - +8 tower shield {AC+3}
rNeg    + + +        C - +8 orange crystal plate armour {Archmagi, Int+3 Clar}
rPois   ∞            S - +5 helmet of the Demon Prince {Rampage rPois Str+5 Int-3}
rElec   .            f - +2 cloak {Will+}
rCorr   .            d - +0 pair of fencer's gloves {Riposte Dex+3}
SInv    .            n - +2 pair of boots {Fly}
Will    ++++.        Y - dreamshard necklace {*Dream Drain} Stlth
                     J - ring of the Duke {rF++ rN+}
HPRegen 0.54/turn    P - ring "Raptel" {rC+ rN+ AC+4 Int+3 Dex+2}
MPRegen 0.34/turn

%: clarity, rampage, archmagi
@: lich-form, flying, studying 4 skills, very slow
A: draining attack, torment immunity, no potions, amphibious, slowness 1, strong
legs 2, +LOS, agile 1, mutation resistance 1, passive freeze, strong 1
0: Orb of Zot
}: 15/15 runes: serpentine, barnacled, slimy, silver, golden, iron, obsidian,
icy, bone, abyssal, demonic, glowing, magical, fiery, dark
a: Hop, End Transformation, Renounce Religion, Bend Time, Temporal Distortion,
Slouch, Step From Time


You escaped.
You worshipped Cheibriados.
Cheibriados was exalted by your worship.
You were an undead lich.
You visited 18 branches of the dungeon, and saw 88 of its levels.
You visited Pandemonium 1 time, and saw 19 of its levels.
You visited the Abyss 4 times.
You visited 1 bazaar.
You completed 1 ziggurat, and saw 27 of its levels.
You also visited: Sewer, Gauntlet, Ice Cave, Wizlab and Desolation.

You collected 19263 gold pieces.
You spent 2444 gold pieces at shops.

Inventory:

Hand Weapons
 o - the +2 Maxwell's thermic engine {flame, freeze, rev}
   (You found it on level 27 of a ziggurat)
 w - the +18 lance "Wyrmbane" {slay drac, rPois rF+ rC+ AC+3}
   (You found it on level 2 of the Snake Pit)

   AC:        It affects your AC (+3).
   rF:        It protects you from fire.
   rC:        It protects you from cold.
   rPois:     It protects you from poison.
 M - the +13 sceptre of Asmodeus (weapon)
   (You took it off Asmodeus on level 7 of Gehenna)

   Fire Summon: It may summon demons of flame and damnation when striking foes.
Missiles
 i - 6 boomerangs of dispersal
 t - 9 javelins
 z - 2 throwing nets
 B - 14 silver javelins
 Q - 14 silver boomerangs
 W - 6 boomerangs (quivered)
Armour
 b - the +0 pair of gloves of the Cuttlefish {Str+7}
   (You found it on level 5 of the Lair of Beasts)

   Str:       It affects your strength (+7).
 d - the +0 pair of fencer's gloves (worn) {Riposte Dex+3}
   (You found it on level 25 of a ziggurat)

   Riposte:   It allows the wearer to riposte with melee weapons, swiftly
   retaliating against missed or blocked melee attacks.
   Dex:       It affects your dexterity (+3).
 f - a +2 cloak of willpower (worn)
 n - a +2 pair of boots of flying (worn)
 A - a +8 tower shield of protection (worn)
 C - the +8 orange crystal plate armour (worn) {Archmagi, Int+3 Clar}
   (You found it on level 7 of Tartarus)

   Int:       It affects your intelligence (+3).
   Clar:      It protects you from confusion, rage, mesmerisation and fear.
 S - the +5 helmet of the Demon Prince (worn) {Rampage rPois Str+5 Int-3}
   (You found it in a Gauntlet)

   Str:       It affects your strength (+5).
   Int:       It affects your intelligence (-3).
   rPois:     It protects you from poison.
   Rampage:   It bestows one free step when moving towards enemies.
   Cheibriados disapproves of the use of such an item.
Jewellery
 g - the ring "Voopor" {Fly rElec rCorr MP+9 Int+6}
   (You found it on level 19 of a ziggurat)

   [ring of intelligence]

   Int:       It affects your intelligence (+6).
   rElec:     It insulates you from electricity.
   MP:        It affects your magic capacity (+9).
   Fly:       It grants you flight.
   rCorr:     It protects you from acid and corrosion.
 k - the ring of Xom's Bemusement {rElec AC+4 Int+2 Stlth+}
   (You found it on level 7 of Tartarus)

   [ring of protection]

   AC:        It affects your AC (+4).
   Int:       It affects your intelligence (+2).
   rElec:     It insulates you from electricity.
   Stlth:     It makes you more stealthy.
 q - the ring "Lyolal" {rCorr Str+4 SInv}
   (You found it in the Desolation of Salt)

   [ring of resist corrosion]

   Str:       It affects your strength (+4).
   SInv:      It lets you see invisible.
   rCorr:     It protects you from acid and corrosion.
 D - the ring of Contentment {rPois rF+ rC+++ Dex+6 Stlth-}
   (You found it on level 5 of the Pits of Slime)

   [ring of dexterity]

   Dex:       It affects your dexterity (+6).
   rF:        It protects you from fire.
   rC:        It renders you almost immune to cold.
   rPois:     It protects you from poison.
   Stlth:     It makes you less stealthy.
 J - the ring of the Duke (left hand) {rF++ rN+}
   (You found it on level 7 of Tartarus)

   [ring of positive energy]

   rF:        It greatly protects you from fire.
   rN:        It protects you from negative energy.
 O - an amulet of regeneration
 P - the ring "Raptel" (right hand) {rC+ rN+ AC+4 Int+3 Dex+2}
   (You found it on level 7 of Tartarus)

   [ring of protection]

   AC:        It affects your AC (+4).
   Int:       It affects your intelligence (+3).
   Dex:       It affects your dexterity (+2).
   rC:        It protects you from cold.
   rN:        It protects you from negative energy.
 T - the amulet "Ahoalom" {Reflect Dex+3 Slay+4 SH+5}
   (You found it on level 7 of Tartarus)

   [amulet of reflection]

   It reflects blocked missile attacks.
   Dex:       It affects your dexterity (+3).
   Slay:      It affects your accuracy & damage with ranged weapons and melee
   (+4).
   SH:        It affects your SH (+5).
 Y - the dreamshard necklace (around neck) {*Dream Drain}
   (You found it on level 14 of a ziggurat)

   [amulet of nothing]

   *Dream:    It shatters if its wearer takes lethal or near-lethal damage,
   preventing the blow and releasing protective dreams that heal and fight for
   the wearer.
   Drain:     It drains your maximum health when unequipped.
Wands
 a - a wand of roots (104)
 E - a wand of digging (24)
 L - a wand of quicksilver (53)
Scrolls
 h - 18 scrolls of blinking
 l - 57 scrolls of teleportation
 m - 17 scrolls of amnesia
 r - 19 scrolls of fog
 s - 7 scrolls of enchant armour
 u - 23 scrolls of enchant weapon
 v - 4 scrolls of immolation
 G - 9 scrolls of butterflies
 N - 5 scrolls of magic mapping
 V - 11 scrolls of fear
 Z - 4 scrolls of silence
Potions
 c - 14 potions of attraction
 e - a potion of resistance
 j - 33 potions of curing
 p - 11 potions of mutation
 x - 12 potions of might
 F - a potion of cancellation
 H - 4 potions of heal wounds
 R - 6 potions of berserk rage
 U - 7 potions of magic
Miscellaneous
 y - a phantom mirror
 X - a phial of floods


   Skills:
 O Level 27 Fighting
 + Level 20.5 Maces & Flails
 - Level 19.1 Polearms
 O Level 27 Throwing
 O Level 27 Armour
 O Level 27 Dodging
 O Level 27 Shields
 O Level 27 Spellcasting
 - Level 15.0 Summonings
 O Level 27 Necromancy
 O Level 27 Translocations
 - Level 15.0 Transmutations
 - Level 2.0 Earth Magic
 - Level 13.0 Invocations


You had 2 spell levels left.
You knew the following spells:

 Your Spells              Type           Power      Damage    Failure   Level
a - Lesser Beckoning      Tloc           100%       N/A       0%          2
b - Blink                 Tloc           100%       N/A       0%          2
c - Passage of Golubria   Tloc           100%       N/A       0%          4
d - Vhi's Electric Charg  Tloc/Air       100%       N/A       1%          3
e - Manifold Assault      Tloc           100%       N/A       0%          4
f - Borgnjor's Vile Clut  Necr/Erth      68%        N/A       1%          5
g - Animate Armour        Summ/Erth      100%       N/A       1%          4
h - Haunt                 Necr/Summ      77%        N/A       1%          7
i - Yara's Violent Unrav  Hex/Tmut       45%        3d18      2%          5
j - Sublimation of Blood  Necr           100%       N/A       0%          2
m - Malign Gateway        Summ/Tloc      64%        N/A       1%          7
n - Necromutation         Tmut/Necr      77%        N/A       1%          8
p - Portal Projectile     Hex/Tloc       100%       N/A       1%          3
s - Passwall              Tmut/Erth      79%        N/A       1%          2
v - Borgnjor's Revivific  Necr           83%        N/A       1%          8
w - Wereblood             Tmut           100%       N/A       0%          2
x - Death's Door          Necr           83%        N/A       2%          9
z - Apportation           Tloc           100%       N/A       0%          1

Your spell library contained the following spells:

 Spells                   Type           Power      Damage    Failure   Level
 Beastly Appendage        Tmut           100%       N/A       0%          1
 Kiss of Death            Conj/Necr      100%       2d13      0%          1
 Necrotise                Necr           100%       1d9       0%          1
 Summon Small Mammal      Summ           100%       N/A       0%          1
 Call Imp                 Summ           100%       N/A       0%          2
 Momentum Strike          Conj/Tloc      100%       3d10      0%          2
 Foxfire                  Conj/Fire      100%       2x1d9     1%          1
 Freeze                   Ice            100%       1d10      1%          1
 Magic Dart               Conj           100%       1d8       1%          1
 Sandblast                Erth           100%       2d20      1%          1
 Shock                    Conj/Air       100%       1d9       1%          1
 Slow                     Hex            100%       N/A       1%          1
 Sting                    Tmut/Pois      100%       1d8       1%          1
 Cigotuvi's Dreadful Rot  Necr/Pois/Air  100%       N/A       1%          2
 Ensorcelled Hibernation  Hex/Ice        100%       N/A       2%          2
 Poisonous Vapours        Pois/Air       100%       N/A       2%          2
 Searing Ray              Conj           100%       2d8       2%          2
 Static Discharge         Conj/Air       100%       2-7/arc   2%          2
 Call Canine Familiar     Summ           100%       N/A       0%          3
 Gell's Gravitas          Tloc           100%       N/A       0%          3
 Teleport Other           Tloc           100%       N/A       0%          3
 Vampiric Draining        Necr           100%       2d13      0%          3
 Animate Dead             Necr           100%       N/A       0%          4
 Dispel Undead            Necr           100%       3d31      0%          4
 Agony                    Necr           100%       N/A       0%          5
 Summon Forest            Summ/Tloc      64%        N/A       0%          5
 Death Channel            Necr           83%        N/A       0%          6
 Dispersal                Tloc           70%        N/A       0%          6
 Ignite Poison            Fire/Tmut/Pois 81%        N/A       1%          3
 Spider Form              Tmut/Pois      91%        N/A       1%          3
 Summon Guardian Golem    Hex/Summ       91%        N/A       1%          3
 Volatile Blastmotes      Fire/Tloc      100%       2d18      1%          3
 Anguish                  Hex/Necr       67%        N/A       1%          4
 Ice Form                 Ice/Tmut       91%        N/A       1%          4
 Iskenderun's Mystic Bla  Conj/Tloc      100%       2d19      1%          4
 Petrify                  Tmut/Erth      95%        N/A       1%          4
 Summon Ice Beast         Ice/Summ       91%        N/A       1%          4
 Summon Lightning Spire   Summ/Air       91%        N/A       1%          4
 Blade Hands              Tmut           57%        N/A       1%          5
 Simulacrum               Ice/Necr       67%        N/A       1%          6
 Summon Cactus Giant      Summ           57%        N/A       1%          6
 Disjunction              Tloc           70%        N/A       1%          8
 Infestation              Necr           83%        N/A       1%          8
 Alistair's Intoxication  Tmut/Pois      60%        N/A       2%          5
 Irradiate                Conj/Tmut      45%        3d26      2%          5
 Summon Mana Viper        Hex/Summ       91%        N/A       2%          5
 Stone Arrow              Conj/Erth      100%       3d13      3%          3
 Dragon Form              Tmut           57%        N/A       3%          7
 Monstrous Menagerie      Summ           57%        N/A       3%          7
 Summon Hydra             Summ           57%        N/A       3%          7
 Confusing Touch          Hex            57%        N/A       5%          3
 Dazzling Flash           Conj/Hex       100%       N/A       5%          3
 Frozen Ramparts          Ice            100%       1d16      5%          3
 Hailstorm                Conj/Ice       57%        3d12      5%          3
 Inner Flame              Hex/Fire       57%        N/A       5%          3
 Mephitic Cloud           Conj/Pois/Air  57%        N/A       5%          3
 Ozocubu's Armour         Ice            57%        N/A       5%          3
 Swiftness                Air            57%        N/A       5%          3
 Tukima's Dance           Hex            57%        N/A       5%          3
 Statue Form              Tmut/Erth      63%        N/A       9%          6
 Leda's Liquefaction      Hex/Erth       31%        N/A       12%         4
 Eringya's Noxious Bog    Tmut/Pois      45%        N/A       12%         6
 Airstrike                Air            28%        2d(5-21)  17%         4
 Cause Fear               Hex            28%        N/A       17%         4
 Flame Wave               Conj/Fire      57%        2d14      17%         4
 Fulminant Prism          Conj/Hex       28%        3d14      17%         4
 Olgreb's Toxic Radiance  Pois           57%        N/A       17%         4
 Sticky Flame             Conj/Fire      57%        2d7       17%         4
 Lee's Rapid Deconstruct  Erth           34%        3d17*     22%         5
 Summon Horrible Things   Summ           57%        N/A       24%         8
 Arcjolt                  Conj/Air       28%        1d38      43%         5
 Fireball                 Conj/Fire      28%        3d12      43%         5
 Freezing Cloud           Conj/Ice/Air   28%        6-21      43%         5
 Iskenderun's Battlesphe  Conj           57%        2d11      43%         5
 Metabolic Englaciation   Hex/Ice        28%        N/A       43%         5
 Silence                  Hex/Air        28%        N/A       43%         5
 Spellforged Servitor     Conj/Summ      45%        N/A       56%         7
 Storm Form               Tmut/Air       45%        N/A       56%         7
 Iron Shot                Conj/Erth      31%        9d6       87%         6
 Conjure Ball Lightning   Conj/Air       28%        3x3d8     95%         6
 Plasma Beam              Fire/Air       28%        2x1d45    95%         6
 Starburst                Conj/Fire      28%        6d9       95%         6
 Dragon's Call            Summ           57%        N/A       98%         9
 Enfeeble                 Hex            28%        N/A       100%        7
 Orb of Destruction       Conj           28%        9d9       100%        7
 Ozocubu's Refrigeration  Ice            28%        4d13      100%        7
 Ignition                 Fire           28%        3d9       100%        8
 Lehudib's Crystal Spear  Conj/Erth      31%        10d8      100%        8
 Maxwell's Capacitive Co  Air            28%        ∞         100%        8
 Chain Lightning          Conj/Air       28%        3d38      100%        9
 Fire Storm               Conj/Fire      28%        8d7       100%        9
 Polar Vortex             Ice            28%        N/A       100%        9


Dungeon Overview and Level Annotations

Branches:
Dungeon (15/15)            Temple (1/1) D:7            Lair (5/5) D:11
 Shoals (4/4) Lair:3        Snake (4/4) Lair:2        Slime (5/5) Lair:5
    Orc (2/2) D:12            Elf (3/3) Orc:2        Vaults (5/5) D:14
  Crypt (3/3) Vaults:3       Tomb (3/3) Crypt:3      Depths (4/4) D:15
   Hell (visited)             Dis (7/7) Hell            Geh (7/7) Hell
    Coc (7/7) Hell            Tar (7/7) Hell            Zot (5/5) Depths:4
  Sewer (visited)           IceCv (visited)          WizLab (visited)
Desolation (visited)      Gauntlet (visited)

Altars:
Ashenzari
Cheibriados
Dithmenos
Elyvilon
Fedhas
Gozag
Hepliaklqana
Kikubaaqudgha
Makhleb
Nemelex Xobeh
Okawaru
Qazlal
Ru
Sif Muna
Trog
Uskayaw
Vehumet
Wu Jian
Xom
Yredelemnul
Zin
The Shining One
Jiyva

Shops:
D:5 [   D:13 [   Orc:1 !=   Orc:2 (:?(?   Shoals:3 !   Shoals:4 =   Snake:1 ([
Snake:3 !((   Vaults:1 =   Vaults:3 ?

Portals:
Hell: Lair:5 Depths:1 Depths:2 Depths:3 Depths:4
Abyss: Depths:1 Depths:3
Pandemonium: Orc:2 Depths:2

Annotations:
Elf:2 3 runed translucent doors


Innate Abilities, Weirdness & Mutations

You are an undead lich.
Your unarmed attacks are suffused with negative energy.
You are immune to unholy pain and torment.
Your necromantic spells are more powerful.
You cannot drink.
You are immune to poison.
You are amphibious.
You cover ground slowly.
You can hop long distances.
You have an extended range of vision and can be seen from far away.
You are agile. (Dex +4, Str/Int -1)
You are somewhat resistant to further mutation.
A frigid envelope surrounds you and freezes all who hurt you.
Your muscles are strong. (Str +4, Int/Dex -1)


Message History

Cheibriados appreciates the change of pace.
A ynoxinul comes into view.
You bludgeon the ynoxinul!!
The ynoxinul is severely wounded.
You closely miss the ynoxinul.
The ynoxinul is severely wounded.
You sock the ynoxinul!
The ynoxinul is almost dead.
You block the ynoxinul's attack.
You barely miss the ynoxinul.
The ynoxinul is almost dead.
The ynoxinul gestures at you. The iron shot misses you.
You puncture the ynoxinul!
You kill the ynoxinul!
Cheibriados appreciates the change of pace.
A neqoxec comes into view.
Casting: Vhi's Electric Charge (safe; 1% risk of failure)
Confirm with . or Enter, or press ? or * to list all spells.
You feel a surge of power!
Space momentarily warps into an impossible shape!
You closely miss the neqoxec. The neqoxec gestures at you.
Something tries to feed on your intellect!
Unknown command.
Throw: 6 boomerangs
Press: ? - help, Q - select action, (/) - cycle Shift-Dir - straight line, f - neqoxec
Aim: a neqoxec (78% to hit)
You throw a boomerang. The boomerang hits the neqoxec.
The neqoxec is lightly wounded.
Unknown command.
Unknown command.
Throw: 6 boomerangs
Press: ? - help, Q - select action, (/) - cycle Shift-Dir - straight line, f/p - neqoxec
Aim: a neqoxec (lightly wounded, 78% to hit)
You throw a boomerang. The boomerang hits the neqoxec!!!
You kill the neqoxec!
Cheibriados thoroughly appreciates the change of pace.
There is a staircase leading out of the dungeon here.
You have escaped!

......#...# #.......#.........#.
......##### #########...........
......###### ####### #..........#
...........# #§§>≈≈# #...........
#.....####.# #§≈≈≈≈# #####....###
#.....####.###≈≈≈§§### #.......
#.....#.......)≈§≈§..#####...####
#.....#......8..§§§8.##.........#
.............)..L....##.........#
................8................
........###..........#...........
........# #.........##....(......
........# ##.#..8....#.##........
........####..#.........#.####...
...........##....#...#..#.#......
............................#....
...................######.#......


There were no monsters in sight!

Vanquished Creatures
  Cerebov (Pan)
  Antaeus (Coc:7)
  the Royal Jelly (Slime:5)
  Asmodeus (Geh:7)
  Ignacio (Pan)
  9 dread liches
  Dispater (Dis:7)
  Mnoleg (Pan)
  Khufu (Tomb:3)
  13 ancient liches
  16 orbs of fire
  11 juggernauts
  35 royal mummies
  22 shard shrikes
  8 Killer Klowns
  5 curse toes
  8 golden dragons
  48 caustic shrikes
  Geryon (Hell)
  Jory (Vaults:2)
  5 pandemonium lords
  13 profane servitors
  12 electric golems
  27 bone dragons
  14 doom hounds
  15 Brimstone Fiends
  6 hellephants
  15 iron giants (Dis:7)
  3 spectral shard shrikes
  26 Tzitzimimeh
  14 Hell Sentinels
  Rupert (D:14)
  A walking earthen tome (Depths:3)
  18 Ice Fiends
  13 liches
  29 tentacled monstrosities
  2 shard shrike skeletons (Tar:7)
  14 tainted leviathans
  Asterion (Snake:2)
  29 titans
  17 Orb Guardians
  11 quicksilver dragons
  3 deep elf blademasters
  A walking divine tome (Depths:4)
  11 searing wretches
  Grunn (Crypt:2)
  39 ancient champions
  36 acid blobs
  12 death cobs
  15 Executioners
  5 deep elf master archers
  A thorn hunter (Zig:14)
  12 tentacled starspawn
  10 sphinxes
  Polyphemus (Shoals:2)
  2 krakens (Abyss:4)
  The ghost of McKennaii the Eclecticist, an adept DgCj (Shoals:4)
  Kirke (D:13)
  11 draconian monks
  18 storm dragons
  13 revenants
  10 tengu reavers
  2 demonspawn warmongers (Pan)
  8 draconian knights
  8 shadow dragons
  Donald (Shoals:2)
  15 azure jellies
  14 fire giants
  23 nagarajas
  6 quicksilver elementals
  4 iron dragons
  2 fire giants (shapeshifter) (Zig:15)
  15 rockslimes
  11 narguns
  15 deep elf sorcerers
  13 frost giants
  An emperor scorpion (Zig:6)
  4 ghost moths
  3 spectral juggernauts
  Aizul (Snake:3)
  6 draconian shifters
  8 draconian scorchers
  A spectral caustic shrike (Tar:5)
  3 deep elf elementalists
  9 draconian stormcallers
  17 orc warlords
  52 balrugs
  23 ironbound preservers
  A juggernaut zombie (Tar:7)
  8 shard shrike simulacra
  22 ghouls
  14 vault wardens
  A spriggan defender (Depths:2)
  13 reapers
  3 demonspawn blood saints (Pan)
  2 demonspawn corrupters (Pan)
  17 draconian annihilators
  15 curse skulls
  23 cacodemons
  20 war gargoyles
  14 quicksilver oozes
  21 green draconians
  3 ironbound thunderhulks
  31 very ugly things
  24 elemental wellsprings
  Nessos (D:14)
  20 stone giants
  11 dire elephants
  18 wendigos
  14 vampire knights
  A starflower (Abyss:4)
  13 black draconians
  2 demonspawn black suns (Pan)
  An eleionoma (Zig:14)
  16 putrid mouths
  9 deep elf annihilators
  13 white draconians
  A minotaur (Gauntlet)
  16 red draconians
  13 purple draconians
  18 yellow draconians
  Azrael (D:12)
  4 bunyips (Zig:14)
  8 deep elf demonologists
  7 lorocyprocas
  2 halazid warlocks (Desolation)
  13 bennus
  21 spark wasps
  16 iron golems
  4 orange crystal statues
  20 deep elf death magi
  A quicksilver dragon zombie (Tar:7)
  2 crystal guardians (Desolation)
  A spectral golden dragon (Tar:2)
  16 ettins
  18 eidola
  6 merfolk javelineers
  Josephine (D:14)
  19 mummy priests
  13 green deaths
  5 jiangshi
  An acid blob zombie (Crypt:3)
  9 great orbs of eyes
  5 entropy weavers
  12 blizzard demons
  A kraken zombie (Hell)
  3 spriggan zombies
  A shambling mangrove (Abyss:4)
  14 merfolk impalers
  2 ragged hierophants (Desolation)
  2 spectral spriggans
  8 fire dragons
  9 deep elf high priests
  24 vault guards
  3 hell beasts
  Fannar (Lair:1)
  11 ice dragons
  14 yaktaur captains
  6 hydras
  15 spriggan air magi
  A jorogumo (Zig:6)
  2 juggernaut simulacra
  A spectral shadow dragon (Tar:1)
  8 peacekeepers
  3 spriggan skeletons
  4 merfolk avatars
  10 rakshasas
  7 ironbound frosthearts
  A quicksilver dragon skeleton (Tar:7)
  2 catoblepae
  A catoblepas (shapeshifter) (Vaults:5)
  4 servants of whispers (Desolation)
  3 ogre magi
  4 boulder beetles
  5 death knights
  2 demonspawn (Orc:2)
  3 ghost crabs
  8 stokers
  21 centaur warriors
  2 alligator snapping turtles (Shoals:4)
  5 caustic shrike simulacra
  13 anacondas
  20 salamander tyrants
  3 merfolk aquamancers (Shoals:4)
  9 deep troll earth magi
  6 deep troll shamans
  11 tengu warriors
  A satyr (Shoals:2)
  16 two-headed ogres
  7 naga warriors
  41 death scarabs
  An alligator (shapeshifter) (Vaults:5)
  3 spriggan berserkers
  18 naga sharpshooters
  3 death yaks
  14 vampire magi
  13 thrashing horrors
  18 dancing weapons
  19 orc high priests
  19 shock serpents
  A storm dragon zombie (Zig:13)
  A titan zombie (Crypt:3)
  A spectral dire elephant (Tar:5)
  31 hell hogs
  51 sun demons
  Nergalle (Lair:3)
  10 hell knights
  10 crystal echidnas
  2 spectral nagas
  19 deep elf knights
  37 soul eaters
  13 iron trolls
  13 wretched stars
  Amaemon (D:11)
  8 skysharks
  33 sixfirhies
  9 glowing orange brains
  35 shadow wraiths
  28 skeletal warriors
  2 spatial maelstroms
  A storm dragon skeleton (Crypt:3)
  3 death drakes
  A bunyip zombie (Tomb:2)
  8 salamander mystics
  10 fire crabs
  65 large abominations
  2 spriggan druids (Zig:14)
  A pharaoh ant (Zig:3)
  6 quicksilver dragon simulacra
  A sun moth (Zig:3)
  27 sea snakes
  A glowing orange brain (shapeshifter) (Abyss:3)
  9 flayed ghosts
  4 anaconda zombies
  An orb spider (Zig:6)
  An obsidian statue (Zig:16)
  14 wizards
  27 ironbound convokers
  10 shadow demons (Pan)
  3 bog bodies
  75 deep trolls
  3 spriggan simulacra (Coc:4)
  An iron giant zombie (Crypt:3)
  20 deep elf archers
  A spectral iron dragon (Tar:1)
  17 harpies
  7 naga ritualists
  A lindwurm (shapeshifter) (Depths:3)
  A golden dragon skeleton (Zig:13)
  23 phantasmal warriors
  12 lindwurms
  2 anaconda skeletons
  Pikel (D:9)
  23 deep elf zephyrmancers
  A fenstrider witch simulacrum (Coc:2)
  30 starcursed masses
  11 necromancers
  A sphinx zombie (Crypt:2)
  2 spectral ettins (Tar:1)
  An oklob plant (Gauntlet)
  12 mana vipers
  2 wolf spiders
  18 deep elf pyromancers
  6 worldbinders
  15 orc knights
  13 fauns
  3 human zombies
  A spectral alligator snapping turtle (Tar:2)
  13 cyclopes
  3 will-o-the-wisps (Abyss:4)
  37 ugly things
  A shadow dragon skeleton (Crypt:2)
  3 fauns (shapeshifter)
  11 orc sorcerers
  A cyclops (shapeshifter) (Zig:15)
  16 manticores
  An iron dragon zombie (Tomb:1)
  A shining eye (shapeshifter) (Vaults:5)
  3 elephants (Lair:5)
  A spectral ice dragon (Tar:1)
  2 tengu skeletons
  24 salamanders
  A jorogumo skeleton (Crypt:3)
  14 guardian serpents
  5 shining eyes
  42 black mambas
  2 spectral centaurs (Tar:1)
  Joseph (D:7)
  A centaur zombie (Tomb:2)
  A nameless horror (Geh:7)
  A stone giant skeleton (Tomb:2)
  An eye of devastation (shapeshifter) (Depths:1)
  12 molten gargoyles
  3 human skeletons
  15 merfolk sirens
  26 naga magi
  34 moths of wrath
  5 water nymphs
  4 apocalypse crabs
  15 demonic crawlers
  6 rust devils
  21 vault sentinels
  10 ice statues
  37 smoke demons
  A cane toad (shapeshifter) (D:15)
  2 naga skeletons (Tar:7)
  36 orange demons
  2 gargoyles
  2 eyes of devastation
  2 alligator snapping turtle zombies
  A centaur skeleton (Crypt:3)
  7 unseen horrors
  12 cane toads
  4 dire elephant skeletons
  Maggie (D:7)
  5 komodo dragons
  A catoblepas zombie (Crypt:2)
  A minotaur zombie (Gauntlet)
  11 efreet
  2 kobold demonologists (Abyss:3)
  6 titan simulacra
  An ice devil (Pan)
  37 hellions
  2 bunyip simulacra (Coc:2)
  11 rime drakes
  A golden dragon simulacrum (Coc:4)
  A komodo dragon (shapeshifter) (Abyss:4)
  A sea snake zombie (Hell)
  23 tormentors
  8 anaconda simulacra
  6 tengu conjurers
  31 yaktaurs
  3 iron giant simulacra
  13 freezing wraiths
  A hydra zombie (Hell)
  A troll (shapeshifter) (Abyss:3)
  7 trolls
  An iron troll skeleton (Crypt:3)
  56 guardian mummies
  27 merfolk
  4 silent spectres
  7 red devils
  8 polar bears
  8 ancient zymes
  A sea snake skeleton (Hell)
  A mana viper skeleton (Crypt:1)
  2 harpy zombies
  4 meliai
  5 spectral harpies
  A hydra skeleton (Tar:7)
  2 tarantellas
  6 hornets
  26 hellwings
  7 wind drakes
  Prince Ribbit (D:9)
  2 death drake skeletons
  18 blink frogs
  A tyrant leech (Zig:14)
  A harpy skeleton (Crypt:2)
  6 snapping turtles
  An ettin zombie (Crypt:3)
  29 raiju
  A raiju (shapeshifter) (Zig:8)
  9 dream sheep
  47 saltlings (Desolation)
  A stone giant simulacrum (Coc:2)
  An iron dragon simulacrum (Coc:3)
  A merfolk zombie (Hell)
  A meliai zombie (Crypt:2)
  A satyr zombie (Crypt:3)
  An alligator zombie (Hell)
  A spectral black mamba (Tar:1)
  2 culicivoras
  72 slime creatures
  A fire dragon skeleton (Crypt:2)
  10 air elementals
  A culicivora (shapeshifter) (D:15)
  20 flying skulls
  A spriggan (Depths:3)
  The ghost of Nicoed the Reanimator, an amateur DENe (D:5)
  4 dire elephant simulacra
  A merfolk skeleton (Pan)
  2 shadows
  49 yaks
  25 water elementals
  26 ushabtiu
  A naga simulacrum (Coc:4)
  A fire bat (Abyss:2)
  11 wraiths
  18 wyverns
  26 ynoxinuls
  2 wyverns (shapeshifter)
  2 hogs (D:13)
  An ettin skeleton (Crypt:2)
  2 vampires (Abyss:4)
  A yak (shapeshifter) (Abyss:4)
  A steam dragon (D:9)
  13 golden eyes
  22 chaos spawn
  20 fire elementals
  2 golden eyes (shapeshifter)
  5 redbacks
  5 vampire mosquitoes
  7 basilisks
  An elf skeleton (Vaults:3)
  2 black mamba skeletons
  24 neqoxecs
  A spatial vortex (Abyss:2)
  6 wargs
  8 harpy simulacra
  9 acid dragons
  33 nagas
  A two-headed ogre zombie (Crypt:1)
  18 water moccasins
  Duvessa (D:4)
  5 floating eyes
  31 small abominations
  3 floating eyes (shapeshifter)
  18 hell hounds
  6 hydra simulacra
  A sky beast (shapeshifter) (Abyss:3)
  A swamp drake (shapeshifter) (Abyss:3)
  2 ice beasts (D:5)
  2 black bears
  60 orc warriors
  An alligator simulacrum (Hell)
  5 boggarts (Vaults:2)
  17 wolves
  A boggart (shapeshifter) (Abyss:3)
  2 tengu (shapeshifter) (Abyss:3)
  29 ogres
  5 centaurs (D:12)
  3 elf zombies (Elf:1)
  A komodo dragon zombie (Crypt:1)
  2 phantoms (D:5)
  15 kobold brigands
  7 bullfrogs
  3 gnoll sergeants
  A scorpion (shapeshifter) (Abyss:3)
  7 necrophages
  2 cane toad simulacra (IceCv)
  3 scorpions
  5 earth elementals
  10 wights
  Dowan (D:4)
  13 killer bees
  A vampire bat (D:6)
  A raiju skeleton (Crypt:2)
  A howler monkey (shapeshifter) (Abyss:3)
  3 howler monkeys
  A wolf skeleton (Crypt:3)
  17 crimson imps
  6 jellies
  2 quasits (D:4)
  33 orc priests
  3 hounds
  Crazy Yiuf (D:7)
  4 iron imps
  A gnoll bouda (D:8)
  3 iguanas
  A sleepcap (D:5)
  31 orc wizards
  14 hell rats
  12 lightning spires
  A polar bear simulacrum (IceCv)
  2 bullfrog simulacra (D:5)
  A centaur simulacrum (D:5)
  A naga zombie (Crypt:2)
  A hound skeleton (D:8)
  A scorpion simulacrum (D:5)
  52 mummies
  Robin (D:2)
  10 gnolls
  9 river rats (D:6)
  An adder (shapeshifter) (Abyss:3)
  15 adders
  A hound simulacrum (D:5)
  A swamp drake skeleton (Crypt:1)
  9 shadow imps
  6 white imps
  6 ufetubi
  An iguana skeleton (Crypt:1)
  6 worms
  79 orcs
  An orc (shapeshifter) (Abyss:3)
  13 bats
  10 endoplasms
  A giant cockroach (D:2)
  A goblin (shapeshifter) (Abyss:3)
  10 hobgoblins
  A hobgoblin (shapeshifter) (Abyss:3)
  2 jackals (D:3)
  12 kobolds
  3 quokkas
  A quokka (shapeshifter) (Abyss:3)
  6 ball pythons
  6 frilled lizards (D:1)
  18 goblins
  A goblin zombie (Crypt:1)
  A hobgoblin skeleton (Crypt:1)
  An orc skeleton (Crypt:3)
  9 rats
  2 rats (shapeshifter) (Abyss:3)
  3 ball lightnings (Zot:3)
  A butterfly (D:7)
  7 creeping infernos
  34 fire vortices
  A lurking horror (Abyss:4)
  10 starspawn tentacles
  9 tentacles
4923 creatures vanquished.

Vanquished Creatures (collateral kills)
  Gloorx Vloq (Pan)
  Ereshkigal (Tar:7)
  the Serpent of Hell (Coc:7)
  Lom Lobon (Pan)
  A dread lich (Zig:18)
  An orb of fire (Zig:25)
  5 juggernauts
  2 ancient liches
  4 royal mummies
  A shard shrike (Coc:7)
  3 pandemonium lords
  2 caustic shrikes (Dis:4)
  2 curse toes (Zot:2)
  2 golden dragons
  4 iron giants
  7 bone dragons
  2 Brimstone Fiends
  4 doom hounds
  An electric golem (Zot:5)
  Zenata (Crypt:2)
  14 Tzitzimimeh
  6 Hell Sentinels
  4 tentacled monstrosities
  5 liches
  9 Orb Guardians (Zot:5)
  3 Ice Fiends
  3 quicksilver dragons
  2 tainted leviathans
  2 titans
  3 Executioners (Pan)
  13 ancient champions
  A searing wretch (Geh:7)
  10 acid blobs
  A death cob (Zot:2)
  A tentacled starspawn (Zig:12)
  An eldritch tentacle (Pan)
  3 sphinxes
  3 shadow dragons
  7 storm dragons
  A tengu reaver (Zig:16)
  An azure jelly (shapeshifter) (Zig:15)
  2 revenants
  3 nagarajas (Zig:20)
  2 rockslimes (Zig:27)
  7 azure jellies
  A demonspawn warmonger (Pan)
  6 narguns
  4 curse skulls (Zig:26)
  3 vault wardens (Zig:16)
  A spectral juggernaut (Tar:2)
  4 balrugs (Zig:25)
  2 draconian scorchers (Zot:3)
  3 fire giants
  2 ghouls
  A demonspawn blood saint (Pan)
  5 orc warlords
  A draconian annihilator (Zot:3)
  3 demonspawn corrupters (Pan)
  8 vampire knights
  2 war gargoyles (Dis:7)
  4 quicksilver oozes
  An ironbound preserver (Vaults:5)
  10 reapers
  3 very ugly things (Pan)
  7 stone giants
  5 putrid mouths
  A bennu (Tomb:1)
  A demonspawn black sun (Pan)
  A lorocyproca (Pan)
  4 red draconians
  2 spark wasps (Zig:24)
  A green draconian (Zot:2)
  A bunyip (Zig:14)
  A dire elephant (Vaults:1)
  4 eidola
  5 iron golems
  A green death (Zig:14)
  A fire dragon (Zig:17)
  A deep elf death mage (Zig:9)
  A mummy priest (Tomb:1)
  2 yaktaur captains (Zig:16)
  2 jiangshi
  4 great orbs of eyes
  2 salamander tyrants (Geh:7)
  A deep elf high priest (Vaults:5)
  2 hydras
  9 vault guards (Vaults:5)
  4 ice dragons (Zig:17)
  2 spriggan air magi (Zig:24)
  A peacekeeper (Desolation)
  A dancing weapon (Elf:3)
  9 orc high priests
  4 vampire magi
  5 shock serpents
  4 sun demons (Pan)
  A naga sharpshooter (Zig:20)
  2 thrashing horrors (Zig:12)
  3 soul eaters
  2 hell knights (Vaults:5)
  An iron troll (Zig:23)
  2 deep elf knights (Zig:7)
  A skeletal warrior (Tomb:2)
  3 shadow wraiths
  A death drake (Zig:14)
  2 wretched stars (Zig:12)
  A shadow demon (Pan)
  A goliath frog (Zig:14)
  A deep troll (Vaults:1)
  2 sixfirhies
  8 large abominations
  2 glowing orange brains (Zig:27)
  12 flayed ghosts
  An ironbound convoker (Vaults:5)
  2 swamp dragons (Zig:17)
  A spriggan druid (Zig:14)
  A bog body (Zig:14)
  A deep elf archer (Elf:3)
  3 naga ritualists (Zig:20)
  An orange crystal statue (Zig:16)
  A stone giant zombie (Hell)
  4 orc knights
  3 necromancers
  5 phantasmal warriors
  An iron dragon zombie (Zig:13)
  An ugly thing (Pan)
  4 shining eyes (Zig:27)
  7 orc sorcerers
  A shining eye (shapeshifter) (Zig:16)
  A black mamba (Zig:20)
  6 moths of wrath
  2 eyes of devastation (Zig:27)
  A titan simulacrum (Coc:2)
  A demonic crawler (Pan)
  An ice statue (Zig:16)
  3 apocalypse crabs (Zig:15)
  An orange demon (Pan)
  A molten gargoyle (Geh:7)
  A smoke demon (Zig:12)
  A rime drake (Zig:17)
  A yaktaur (Vaults:1)
  A freezing wraith (Coc:2)
  An efreet (Zig:25)
  2 tormentors
  An ice devil (Depths:1)
  2 ancient zymes
  4 guardian mummies (Tomb:1)
  5 trolls
  2 wind drakes (Zig:17)
  A tyrant leech (shapeshifter) (Zig:16)
  A saltling (Desolation)
  15 slime creatures
  A fire dragon zombie (Hell)
  2 flying skulls
  An ushabti (Tomb:3)
  A ynoxinul (Pan)
  A fire elemental (Zig:7)
  A wyvern (Zig:17)
  A steam dragon (Zig:17)
  A chaos spawn (Pan)
  A golden eye (Zig:12)
  A neqoxec (Zig:12)
  2 harpy simulacra (Coc:2)
  An acid dragon (Zig:17)
  A naga (Zig:20)
  5 wargs
  A black bear (shapeshifter) (Zig:15)
  21 orc warriors
  12 ogres
  A swamp dragon skeleton (Hell)
  A kobold brigand (D:12)
  A gnoll sergeant (D:12)
  5 orc priests
  2 orc wizards
  A mummy (Tomb:3)
  A gnoll (Zig:22)
  4 orcs
  A ball lightning (Pan)
  9 fire vortices (Pan)
  3 starspawn tentacles (Zig:12)
526 creatures vanquished.

Vanquished Creatures (others)
  A shard shrike (Zot:3)
  A tentacled monstrosity (Zot:3)
  A lich (Zig:16)
  A searing wretch (Geh:5)
  55 eldritch tentacles
  A tentacled starspawn (Zig:12)
  A fire giant (Zig:25)
  2 ghost moths
  A balrug (Pan)
  A draconian knight (Zig:19)
  A draconian shifter (Zot:3)
  A shard shrike simulacrum (Coc:4)
  A draconian annihilator (Zig:19)
  An elemental wellspring (Coc:6)
  4 black draconians (Zot:3)
  A wendigo (Coc:7)
  A red draconian (Zot:3)
  A blizzard demon (Pan)
  A green death (Pan)
  A jiangshi (Zig:18)
  3 caustic shrike simulacra
  3 vampire magi (Zig:26)
  A deep elf knight (Elf:1)
  A naga sharpshooter (Zig:20)
  A soul eater (Pan)
  A spriggan druid (Zig:14)
  A swamp dragon (Zig:14)
  A quicksilver dragon simulacrum (Coc:6)
  A wizard (D:8)
  A will-o-the-wisp (Zig:14)
  A hellion (Coc:3)
  An orange demon (Pan)
  A titan simulacrum (Coc:7)
  A bunyip simulacrum (Coc:2)
  A golden dragon simulacrum (Coc:7)
  An iron giant simulacrum (Coc:6)
  A tyrant leech (Zig:14)
  A raiju (Zot:3)
  An iron dragon simulacrum (Coc:7)
  A hornet (Zig:14)
  A flying skull (Tomb:2)
  2 spriggans (Zig:14)
  A water elemental (Hell)
  A naga simulacrum (Coc:6)
  A chaos spawn (Pan)
  An acid dragon (Zig:17)
  A harpy simulacrum (Coc:6)
  A swamp drake (Zig:17)
  A hell rat (Hell)
  An orc (Orc:1)
  15 ball lightnings
  A creeping inferno (Geh:7)
  2 fire vortices (Pan)
  8 foxfires (Abyss:4)
  8 snaplasher vines
  29 starspawn tentacles
  18 tentacles
194 creatures vanquished.

Grand Total: 5643 creatures vanquished

Notes
Turn   | Place    | Note
-------+----------+-------------------------------------------
     0 | D:1      | Bnni the Barachi Fighter began the quest for the Orb.
     0 | D:1      | Reached XP level 1. HP: 18/18 MP: 1/1
   154 | D:1      | Reached XP level 2. HP: 23/25 MP: 2/2
   280 | D:1      | Got the Handbook of Direction and Contamination
   793 | D:2      | Noticed Robin
   805 | D:2      | Reached XP level 3. HP: 24/30 MP: 3/3
   879 | D:2      | Killed Robin
  1100 | D:2      | Found a shimmering altar of Xom.
  1112 | D:2      | Reached XP level 4. HP: 37/37 MP: 4/4
  1546 | D:2      | You fall into a shaft and drop 2 floors!
  1548 | D:4      | Noticed Duvessa
  1572 | D:4      | Noticed Dowan
  1585 | D:4      | Gained mutation: Your movements are slightly less
                  | encumbered by armour. (ER -2) [potion of mutation]
  1585 | D:4      | Gained mutation: You have large cloven feet. [potion of
                  | mutation]
  1585 | D:4      | Gained mutation: Your spells are a little easier to cast,
                  | but a little less powerful. [potion of mutation]
  1585 | D:4      | Gained mutation: Your mind is acute. (Int +4, Str/Dex -1)
                  | [potion of mutation]
  1750 | D:3      | Identified the +2 buckler of Going Fast {rPois}
  1834 | D:2      | Reached XP level 5. HP: 43/43 MP: 5/5
  2497 | D:4      | Killed Duvessa
  2498 | D:4      | Reached skill level 5 in Fighting
  2498 | D:4      | Reached skill level 5 in Maces & Flails
  2498 | D:4      | Reached XP level 6. HP: 45/51 MP: 6/6
  2555 | D:4      | Killed Dowan
  2928 | D:4      | Reached skill level 5 in Shields
  2928 | D:4      | Reached XP level 7. HP: 38/56 MP: 7/7
  3108 | D:5      | Entered Level 5 of the Dungeon
  3127 | D:5      | Noticed Nicoed's ghost (amateur DENe)
  3134 | D:5      | Found a runed translucent gate.
  3134 | D:5      | Found a runed translucent gate.
  3134 | D:5      | Found a runed translucent gate.
  3558 | D:5      | Killed Nicoed's ghost
  3559 | D:5      | Reached XP level 8. HP: 7/65 MP: 8/8
  3833 | D:5      | Found Jacieg's Antique Armour Shop.
  5063 | D:6      | Found a glowing drain.
  5099 | Sewer    | Entered a sewer
  5161 | Sewer    | Reached XP level 9. HP: 72/74 MP: 9/9
  5355 | Sewer    | Reached skill level 10 in Maces & Flails
  7002 | D:7      | Noticed Maggie
  7005 | D:7      | Noticed a two-headed ogre
  7011 | D:7      | Killed Maggie
  7036 | D:7      | Killed a two-headed ogre
  7037 | D:7      | Reached skill level 10 in Fighting
  7037 | D:7      | Reached XP level 10. HP: 37/86 MP: 10/10
  7157 | D:7      | Reached skill level 1 in Throwing
  7354 | D:7      | Found a staircase to the Ecumenical Temple.
  7436 | Temple   | Entered the Ecumenical Temple
  7526 | Temple   | Became a worshipper of Cheibriados the Contemplative
  7730 | D:7      | Noticed Joseph
  7744 | D:7      | Killed Joseph
  7745 | D:7      | Reached skill level 5 in Armour
  7763 | D:7      | Upgraded the game from 0.30.0-30-g96aa6591b8 to 0.30.1
  8077 | D:7      | Found a runed translucent door.
  8078 | D:7      | Noticed Crazy Yiuf
  8097 | D:7      | Killed Crazy Yiuf
  8659 | D:8      | Found a bloodstained altar of Trog.
  8674 | D:8      | Noticed a wizard
  8675 | D:8      | Killed a wizard
  8969 | D:8      | Found a burning altar of Makhleb.
  9245 | D:9      | Reached * piety under Cheibriados
  9312 | D:9      | Reached skill level 1 in Invocations
  9761 | D:9      | Noticed Prince Ribbit
  9799 | D:9      | Killed Prince Ribbit
  9825 | D:9      | Reached ** piety under Cheibriados
  9849 | D:9      | Noticed Pikel
  9876 | D:9      | Killed Pikel
  9877 | D:9      | Reached XP level 11. HP: 56/95 MP: 13/13
 10135 | D:9      | Found a basalt altar of Yredelemnul.
 10296 | D:9      | Found a shimmering blue altar of Sif Muna.
 10576 | D:10     | Entered Level 10 of the Dungeon
 10817 | D:10     | Found an iron altar of Okawaru.
 11222 | D:10     | Reached *** piety under Cheibriados
 11254 | D:10     | Reached skill level 5 in Invocations
 11465 | D:10     | Found an ancient bone altar of Kikubaaqudgha.
 11466 | D:10     | Identified a scroll of acquirement
 11467 | D:10     | Acquired a +4 ring of slaying
 11545 | D:11     | Found a staircase to the Lair.
 11590 | D:11     | Reached skill level 5 in Throwing
 11656 | D:11     | Acquired a +4 eveningstar of freezing
 11709 | D:11     | Noticed a cyclops
 11727 | D:11     | Noticed a wizard
 11732 | D:11     | Noticed a manticore
 11733 | D:11     | Noticed Amaemon
 11910 | D:11     | Killed a manticore
 11937 | D:11     | Noticed a boulder beetle
 11982 | D:11     | Noticed a cyclops
 11989 | D:11     | Killed a cyclops
 11994 | D:11     | Killed Amaemon
 11995 | D:11     | Reached XP level 12. HP: 82/103 MP: 12/16
 12010 | D:11     | Killed a boulder beetle
 12655 | D:12     | Noticed Azrael
 12815 | D:12     | Reached **** piety under Cheibriados
 13412 | D:12     | Killed Azrael
 13730 | D:12     | Reached skill level 15 in Maces & Flails
 13831 | D:12     | Found a staircase to the Orcish Mines.
 13868 | D:12     | Reached ***** piety under Cheibriados
 14269 | Lair:1   | Entered Level 1 of the Lair of Beasts
 14389 | Lair:1   | Gained mutation: You can hop long distances. [Barachi
                  | growth]
 14389 | Lair:1   | Reached XP level 13. HP: 112/114 MP: 17/17
 14616 | Lair:1   | Noticed Fannar
 14627 | Lair:1   | Killed Fannar
 15127 | Lair:2   | Reached skill level 15 in Fighting
 15187 | Lair:2   | Found a staircase to the Snake Pit.
 15232 | Lair:2   | Found a frozen archway.
 15239 | IceCv    | Entered an ice cave
 15380 | IceCv    | Found a transporter.
 15387 | IceCv    | Found a transporter.
 15429 | IceCv    | Identified the ring of Pitsyukh {Ice rN+}
 15960 | Lair:2   | Reached ****** piety under Cheibriados
 16393 | Lair:3   | Found a gate leading to a gauntlet.
 16404 | Gauntlet | Entered a Gauntlet
 16404 | Gauntlet | Found a transporter.
 16416 | Gauntlet | Found a transporter.
 16427 | Gauntlet | Found a transporter.
 16432 | Gauntlet | Found a transporter.
 16447 | Gauntlet | Found a transporter.
 16466 | Gauntlet | Found a transporter.
 16478 | Gauntlet | Found a transporter.
 16490 | Gauntlet | Found a transporter.
 16502 | Gauntlet | Found a transporter.
 16514 | Gauntlet | Found a transporter.
 16531 | Gauntlet | Found a transporter.
 16570 | Gauntlet | Found a transporter.
 16570 | Gauntlet | Found a transporter.
 16593 | Gauntlet | Found a transporter.
 16649 | Gauntlet | Found a transporter.
 16669 | Gauntlet | Found a transporter.
 16696 | Gauntlet | Found a transporter.
 16729 | Gauntlet | Found a transporter.
 16734 | Gauntlet | Identified the +0 ring mail of Ignis's Hope {Rampage rC++}
 16815 | Gauntlet | Identified the ring of Starshine {rF+ Int-3 Dex+3 Slay+3}
 16823 | Gauntlet | Identified the ring "Cauzxol" {Fly Int+6 SInv}
 16837 | Gauntlet | Noticed a minotaur
 16844 | Gauntlet | Killed a minotaur
 16906 | Gauntlet | Identified the +5 helmet of the Demon Prince {Rampage rPois
                  | Str+5 Int-3}
 16906 | Gauntlet | Identified the staff of conjuration "Vuetuog" {Int+5}
 16906 | Gauntlet | Identified the +15 plate armour "Hozag" {rC+}
 17016 | Lair:3   | Noticed Nergalle
 17028 | Lair:3   | Killed Nergalle
 17064 | Lair:3   | Found a staircase to the Shoals.
 17755 | Lair:4   | Reached XP level 14. HP: 126/126 MP: 13/19
 17911 | Lair:4   | Identified the -2 helmet of the Present {rC+ Int+3 Dex+3}
 18707 | Lair:5   | Entered Level 5 of the Lair of Beasts
 18887 | Lair:5   | Found a viscous altar of Jiyva.
 18887 | Lair:5   | Found a staircase to the Slime Pits.
 19123 | Lair:5   | Identified the +0 pair of gloves of the Cuttlefish {Str+7}
 19167 | Lair:5   | Reached skill level 10 in Invocations
 19471 | Lair:5   | Found a burning altar of Makhleb.
 19522 | Lair:5   | Found a gateway to Hell.
 19533 | Lair:5   | Identified the staff of cold "Athraig" {rC+ Int+3}
 19939 | Orc:1    | Entered Level 1 of the Orcish Mines
 19939 | Orc:1    | Found Birrog's Jewellery Boutique.
 19954 | Orc:1    | Reached XP level 15. HP: 93/136 MP: 16/22
 20162 | Orc:1    | Found Bytzeuv's Distillery.
 20275 | Orc:2    | Entered Level 2 of the Orcish Mines
 20717 | Orc:2    | Found Pacleemeqo's Antique Weapon Shop.
 20888 | Orc:2    | Found Oloxep's Magic Scroll Emporium.
 20890 | Orc:2    | Found Qulissoeqe's Magic Scroll Shoppe.
 20963 | Orc:2    | Found a staircase to the Elven Halls.
 21409 | Orc:2    | Found Heps's Book Boutique.
 21409 | Orc:2    | Found Jirchinna's Antique Weapon Shop.
 21410 | Orc:2    | Found a one-way gate leading to the halls of Pandemonium.
 21446 | Orc:2    | Bought a book of the Hunter for 338 gold pieces
 21450 | Orc:2    | Learned a level 3 spell: Portal Projectile
 21495 | Orc:1    | Bought an amulet of reflection for 510 gold pieces
 21616 | Snake:1  | Entered Level 1 of the Snake Pit
 21816 | Snake:1  | Identified the +6 long sword "Biynaz" {holy, *Corrode Int+6
                  | Dex+2}
 21887 | Snake:1  | HP: 6/137 [naga sharpshooter/bolt (22)]
 22387 | Snake:1  | Found Luts's Weapon Shoppe.
 22494 | Snake:1  | Found Piappef's Armour Boutique.
 22542 | Snake:1  | Reached skill level 10 in Throwing
 22642 | Snake:2  | Reached XP level 16. HP: 141/145 MP: 25/25
 22814 | Snake:2  | Reached skill level 10 in Armour
 22915 | Snake:2  | Noticed a nagaraja
 22923 | Snake:2  | Killed a nagaraja
 23102 | Snake:2  | Noticed a nagaraja
 23115 | Snake:2  | Killed a nagaraja
 23728 | Snake:2  | Found the +8 lance "Wyrmbane" {slay drac, rPois rF+ rC+
                  | AC+3}
 23751 | Snake:2  | Noticed Asterion
 23759 | Snake:2  | Killed Asterion
 24345 | Snake:3  | Found Kuygg's Assorted Antiques.
 24346 | Snake:3  | Found Myefus's Weapon Shoppe.
 24346 | Snake:3  | Found Neocehaup's Weapon Emporium.
 24362 | Snake:3  | Found Cemym's Distillery.
 24377 | Snake:3  | Bought a potion of curing for 51 gold pieces
 24377 | Snake:3  | Bought a potion of heal wounds for 85 gold pieces
 24799 | Snake:3  | Noticed Aizul
 24805 | Snake:3  | Killed Aizul
 25935 | Snake:4  | Entered Level 4 of the Snake Pit
 25946 | Snake:4  | Noticed a nagaraja
 26007 | Snake:4  | Reached XP level 17. HP: 155/155 MP: 26/26
 27501 | Snake:4  | Got a serpentine rune of Zot
 27769 | Shoals:1 | Entered Level 1 of the Shoals
 27769 | Shoals:1 | Found a flickering gateway to a bazaar.
 27780 | Bazaar   | Entered a bazaar
 27780 | Bazaar   | Found Lialitig's Antique Weapon Boutique.
 27791 | Bazaar   | Found Rutz's Magic Scroll Boutique.
 27812 | Bazaar   | Found Foutua's Book Shoppe.
 27834 | Bazaar   | Found Xerch's General Store.
 27837 | Bazaar   | Found Plog's Antique Armour Emporium.
 27862 | Bazaar   | Bought a scroll of magic mapping for 82 gold pieces
 27862 | Bazaar   | Bought a scroll of fear for 44 gold pieces
 27874 | Bazaar   | Bought a manual of Polearms for 800 gold pieces
 27874 | Bazaar   | Bought Maxwell's Memoranda for 380 gold pieces
 27878 | Bazaar   | Learned a level 3 spell: Vhi's Electric Charge
 28380 | Shoals:1 | Reached skill level 1 in Translocations
 28808 | Shoals:2 | Reached XP level 18. HP: 161/164 MP: 27/27
 28812 | Shoals:2 | Noticed Polyphemus
 28827 | Shoals:2 | Killed Polyphemus
 29252 | Shoals:2 | Noticed Donald
 29267 | Shoals:2 | Killed Donald
 29626 | Shoals:3 | Learned a level 2 spell: Blink
 29631 | Shoals:3 | Learned a level 4 spell: Manifold Assault
 29639 | Shoals:3 | Identified the staff of air "Uzazot" {rElec Int+3 Stlth+}
 30195 | Shoals:3 | Reached skill level 5 in Translocations
 30386 | Shoals:3 | Found Fuucepnu's Distillery.
 30391 | Shoals:3 | Bought a potion of heal wounds for 70 gold pieces
 30391 | Shoals:3 | Bought a potion of curing for 42 gold pieces
 30391 | Shoals:3 | Bought a potion of curing for 42 gold pieces
 30609 | Shoals:4 | Entered Level 4 of the Shoals
 31208 | Shoals:4 | Found a runed translucent door.
 31211 | Shoals:4 | Found a shimmering altar of Xom.
 31211 | Shoals:4 | Noticed McKennaii's ghost (adept DgCj)
 31232 | Shoals:4 | Killed McKennaii's ghost
 31478 | Shoals:4 | Identified the +4 scale mail of Morality {Fly rElec Slay+2}
 31641 | Shoals:4 | Reached XP level 19. HP: 117/172 MP: 28/28
 31665 | Shoals:4 | Got a barnacled rune of Zot
 31790 | Shoals:4 | Found Bialum's Jewellery Boutique.
 31861 | Shoals:4 | Got the Parchment of the Friendly Blizzard
 32333 | D:13     | Found Zuca's Antique Armour Boutique.
 32437 | D:13     | Reached skill level 10 in Shields
 32675 | D:13     | Got the Spellbook of the Winter and Stolen Souls
 32792 | D:13     | Noticed Kirke
 32800 | D:13     | Killed Kirke
 32985 | D:14     | Reached skill level 15 in Throwing
 33102 | D:14     | Noticed Rupert
 33107 | D:14     | Killed Rupert
 33109 | D:14     | Noticed Nessos
 33242 | D:14     | Killed Nessos
 33373 | D:14     | Reached skill level 15 in Armour
 33573 | D:14     | Found a gate to the Vaults.
 33617 | D:14     | Noticed Josephine
 33625 | D:14     | Killed Josephine
 33870 | D:15     | Entered Level 15 of the Dungeon
 33932 | D:15     | Found a staircase to the Depths.
 34360 | D:15     | Identified the +1 plate armour of Hairiness {Rampage Will+
                  | Dex+4 Stlth-}
 34885 | Depths:1 | Entered Level 1 of the Depths
 34891 | Depths:1 | Reached skill level 10 in Translocations
 35789 | Depths:1 | Reached XP level 20. HP: 175/182 MP: 29/29
 35978 | Depths:1 | Noticed a caustic shrike
 35985 | Depths:1 | Killed a caustic shrike
 36140 | Depths:1 | Reached skill level 1 in Polearms
 36664 | Depths:1 | Found a one-way gate to the infinite horrors of the Abyss.
 37044 | Depths:1 | Found a broken altar of Ashenzari.
 37587 | Depths:2 | Reached skill level 5 in Polearms
 38001 | Depths:2 | Noticed a juggernaut
 38010 | Depths:2 | Killed a juggernaut
 38567 | Depths:2 | Noticed a golden dragon
 38578 | Depths:2 | Killed a golden dragon
 39138 | Depths:3 | Reached XP level 21. HP: 190/190 MP: 30/30
 39333 | Depths:3 | Reached skill level 10 in Polearms
 39539 | Depths:3 | Found a one-way gateway to a ziggurat.
 39868 | Abyss:2  | Cast into level 2 of the Abyss (a wizard)
 39989 | Abyss:2  | Reached skill level 1 in Dodging
 40087 | Abyss:2  | Noticed a bone dragon
 40103 | Abyss:2  | Killed a bone dragon
 40110 | Abyss:2  | Found a burning altar of Makhleb.
 40145 | Abyss:2  | Found a corrupted altar of Lugonu.
 40777 | Abyss:4  | Noticed a bone dragon
 40796 | Abyss:4  | Killed a bone dragon
 40808 | Abyss:4  | Reached skill level 5 in Dodging
 40899 | Abyss:4  | Gained mutation: Your body often deteriorates upon taking
                  | damage. [a neqoxec]
 40960 | Abyss:4  | Found a snail-covered altar of Cheibriados.
 41088 | Abyss:4  | Lost mutation: Your movements are slightly less encumbered
                  | by armour. (ER -2) [potion of mutation]
 41088 | Abyss:4  | Lost mutation: Your body sometimes deteriorates upon taking
                  | damage. [potion of mutation]
 41088 | Abyss:4  | Gained mutation: You are clumsy. (Dex -2) [potion of
                  | mutation]
 41088 | Abyss:4  | Gained mutation: You are frail. (-10% HP) [potion of
                  | mutation]
 41089 | Abyss:4  | Lost mutation: You have large cloven feet. [potion of
                  | mutation]
 41089 | Abyss:4  | Lost mutation: Your mind is acute. (Int +4, Str/Dex -1)
                  | [potion of mutation]
 41089 | Abyss:4  | Lost mutation: You are frail. (-10% HP) [potion of
                  | mutation]
 41089 | Abyss:4  | Lost mutation: You are clumsy. (Dex -2) [potion of
                  | mutation]
 41089 | Abyss:4  | Gained mutation: Your magical capacity is low. (-10% MP)
                  | [potion of mutation]
 41090 | Abyss:4  | Noticed an ancient lich
 41115 | Abyss:4  | Killed an ancient lich
 41116 | Abyss:4  | Reached XP level 22. HP: 141/200 MP: 28/28
 41190 | Abyss:4  | Found a corrupted altar of Lugonu.
 41452 | Abyss:4  | Got an abyssal rune of Zot
 41501 | Abyss:4  | Gained mutation: You occasionally lose the ability to drink
                  | potions when taking damage. [a neqoxec]
 41769 | Abyss:4  | Reached skill level 15 in Translocations
 41867 | Depths:3 | Escaped the Abyss
 42033 | Depths:3 | Got the Excursus on the Dragon
 42060 | Depths:3 | Found a shimmering blue altar of Sif Muna.
 42183 | Depths:3 | Noticed a dread lich
 42184 | Depths:3 | Noticed a dread lich
 42186 | Depths:3 | Paralysed by something for 4 turns
 42198 | Depths:3 | Got the Annotations on the Autopsy
 42200 | Depths:3 | Got the Compendium of the Unfortunate Fault
 42561 | Depths:3 | Reached skill level 1 in Summonings
 42566 | Depths:3 | Found the ring of the Hare {EV+10}
 42662 | Depths:3 | Got the Vademecum on the Glowing Lungs
 42692 | Depths:3 | Killed a dread lich
 42693 | Depths:3 | Reached skill level 1 in Spellcasting
 42699 | Depths:3 | Learned a level 5 spell: Summon Forest
 42725 | Depths:3 | Killed a dread lich
 42859 | Depths:3 | Found a shimmering blue altar of Sif Muna.
 43010 | Depths:4 | Entered Level 4 of the Depths
 43325 | Depths:4 | Found a broken altar of Ashenzari.
 43488 | Depths:4 | Found a shadowy altar of Dithmenos.
 43585 | Depths:4 | Found a gate to the Realm of Zot.
 43667 | Depths:4 | Noticed a juggernaut
 43685 | Depths:4 | Killed a juggernaut
 44288 | Depths:4 | Identified the +7 sling of Theory {drain, Str+3}
 44376 | Depths:4 | Reached XP level 23. HP: 209/209 MP: 29/29
 44578 | Vaults:1 | Entered Level 1 of the Vaults
 44582 | Vaults:1 | Reached skill level 5 in Summonings
 44766 | Vaults:1 | Reached skill level 10 in Dodging
 44844 | Abyss:4  | Cast into level 4 of the Abyss (a wizard)
 44923 | Abyss:4  | Found a corrupted altar of Lugonu.
 44950 | Vaults:1 | Escaped the Abyss
 45636 | Vaults:1 | Found Inuuw's Jewellery Shoppe.
 46175 | Vaults:2 | Found a crumbling gateway.
 46181 | Desolati | Entered the Desolation of Salt
 46461 | Desolati | Got the Encyclopedia of Unstable Locality
 46465 | Desolati | Identified the +0 chain mail of Decaying Satisfaction
                  | {Str+3 Int+2 SInv}
 46466 | Desolati | Identified the +3 bardiche of a ziggurat {antimagic, rPois
                  | rN+ Dex+4}
 46472 | Desolati | Identified the ring "Lyolal" {rCorr Str+4 SInv}
 46475 | Desolati | Identified the +1 ring mail of a treasure trove {rF- rC+++
                  | Regen+}
 46506 | Desolati | Found the +5 demon whip "Spellbinder" {antimagic, disrupt,
                  | Will+}
 46522 | Desolati | Identified the +1 chain mail of Midnight {rF- rC+ Dex+2}
 46530 | Desolati | Identified the ring "Enolun" {rF++ Will- rCorr Slay-5 SInv}
 46699 | Desolati | Reached skill level 5 in Spellcasting
 46719 | Desolati | Identified the +9 great sword of the Warrior {flame, Int+3
                  | Dex+3}
 46727 | Desolati | Got Aruveej's Almanac of Incineration and the Jinx
 46919 | Desolati | Learned a level 2 spell: Wereblood
 46924 | Desolati | Learned a level 4 spell: Iskenderun's Mystic Blast
 47000 | Vaults:2 | Reached skill level 1 in Transmutations
 47008 | Vaults:2 | Noticed Jory
 47019 | Vaults:2 | Reached XP level 24. HP: 209/217 MP: 17/29
 47041 | Vaults:2 | Killed Jory
 47285 | Vaults:2 | Identified the +2 ring mail of Harphasmyc {Str+3 Int+4
                  | Stlth+}
 48153 | Vaults:3 | Found Bapaaqu's Magic Scroll Emporium.
 48177 | Vaults:3 | Found a magical portal.
 48186 | WizLab   | Entered Wucad Mu's Monastery
 48541 | WizLab   | Found the crystal ball of Wucad Mu {*channel}
 48661 | WizLab   | Reached XP level 25. HP: 224/224 MP: 29/29
 49321 | Vaults:3 | Reached skill level 10 in Summonings
 49497 | Vaults:3 | Found a staircase to the Crypt.
 49497 | Vaults:3 | Found a basalt altar of Yredelemnul.
 49498 | Vaults:3 | Found an ancient bone altar of Kikubaaqudgha.
 50198 | Vaults:4 | Reached skill level 5 in Transmutations
 50971 | Vaults:4 | Noticed a dread lich
 50996 | Vaults:4 | Paralysed by a dread lich for 5 turns
 51008 | Vaults:4 | Paralysed by something for 4 turns
 51017 | Vaults:4 | Killed a dread lich
 51121 | Vaults:4 | Identified the +9 hand axe of the Spinneret {drain, Dex+5}
 51147 | Vaults:4 | Reached XP level 26. HP: 171/235 MP: 12/30
 51382 | Vaults:4 | Identified the staff of earth "Imecaga" {rPois rF+ Int+3}
 52062 | Elf:1    | Entered Level 1 of the Elven Halls
 52082 | Abyss:4  | Cast into level 4 of the Abyss (a deep elf demonologist)
 52114 | Abyss:4  | Found a corrupted altar of Lugonu.
 52185 | Abyss:4  | Learned a level 4 spell: Animate Armour
 52193 | Abyss:4  | Learned a level 7 spell: Malign Gateway
 52226 | Abyss:4  | Found a corrupted altar of Lugonu.
 52725 | Elf:1    | Escaped the Abyss
 53051 | Elf:1    | Learned a level 2 spell: Lesser Beckoning
 53055 | Elf:1    | Learned a level 3 spell: Gell's Gravitas
 53090 | Elf:1    | Got Hales's Annotations on Left-Handed Mysteries
 53100 | Elf:1    | Paralysed by an air elemental for 1 turns
 54157 | Elf:2    | Got Ydghymeq's Volume of the Tempest
 54207 | Elf:2    | Paralysed by an air elemental for 1 turns
 54343 | Elf:2    | Found a runed translucent gate.
 54343 | Elf:2    | Found a runed translucent gate.
 54343 | Elf:2    | Found a runed translucent gate.
 54961 | Elf:3    | Entered Level 3 of the Elven Halls
 55630 | Elf:3    | HP: 6/220 [deep elf death mage/vampiric draining (31)]
 55787 | Elf:2    | Lost mutation: You occasionally lose the ability to drink
                  | potions when taking damage. [potion of mutation]
 55787 | Elf:2    | Lost mutation: Your magical capacity is low. (-10% MP)
                  | [potion of mutation]
 55787 | Elf:2    | Lost mutation: Your spells are a little easier to cast, but
                  | a little less powerful. [potion of mutation]
 55787 | Elf:2    | Gained mutation: You are robust. (+10% HP) [potion of
                  | mutation]
 55787 | Elf:2    | Gained mutation: You passively dampen the noise of your
                  | surroundings. [potion of mutation]
 55881 | Elf:3    | Identified the +5 morningstar of Trauma {drain, Int+3}
 56101 | Elf:3    | Got the Discursus on Anthracomancy
 56108 | Elf:3    | Identified the staff of fire "Nuhe" {Fragile rF+ Dex+3
                  | Stlth+}
 56143 | Abyss:4  | Cast into level 4 of the Abyss (a deep elf demonologist)
 56168 | Elf:3    | Escaped the Abyss
 56229 | Elf:3    | Identified the +1 robe "Kimpiha" {rElec rPois Int-4 Dex+7}
 56239 | Elf:3    | Identified the +0 leather armour "Qenamiuhy" {rPois Str+4}
 56327 | Elf:3    | Identified the +0 chain mail of the Forest {Fly}
 56339 | Elf:3    | Identified the staff of earth "Xaerhes" {rElec}
 56646 | Slime:1  | Entered Level 1 of the Pits of Slime
 56761 | Slime:2  | Gained mutation: You are clumsy. (Dex -2) [a shining eye]
 56801 | Slime:5  | Entered Level 5 of the Pits of Slime
 56889 | Slime:5  | Gained mutation: You are weak. (Str -2) [a shining eye]
 56895 | Slime:5  | Reached XP level 27. HP: 270/270 MP: 21/36
 57205 | Slime:5  | Found a viscous altar of Jiyva.
 57206 | Slime:5  | Noticed the Royal Jelly
 57604 | Slime:5  | Killed the Royal Jelly
 57769 | Slime:5  | Identified the staff of earth "Urenlo Dagh" {rCorr Stlth+}
 57776 | Slime:5  | Identified the amulet "Gaanis" {Faith -Cast Fragile rC+++
                  | rCorr}
 57798 | Slime:5  | Identified the staff of fire "Cukloll" {rF+ Int+3}
 57802 | Slime:5  | Got a slimy rune of Zot
 57818 | Slime:5  | Learned a level 4 spell: Passage of Golubria
 57836 | Slime:5  | Identified the ring of Contentment {rPois rF+ rC+++ Dex+6
                  | Stlth-}
 57858 | Slime:5  | Identified the +8 dagger of Rovion {spect, *Rage Fly rElec
                  | Str-3}
 57866 | Slime:5  | Identified the +2 falchion of the Candle {vamp, rElec Will-
                  | Int+2 Dex+2}
 57900 | Slime:5  | Identified the +8 plate armour "Laciw" {Str+6 Dex+2}
 58590 | Crypt:1  | Entered Level 1 of the Crypt
 59505 | Crypt:2  | Noticed Grunn
 59518 | Crypt:2  | Killed Grunn
 59988 | Crypt:2  | Noticed Zenata
 60000 | Crypt:2  | Killed Zenata
 60555 | Crypt:2  | Reached skill level 10 in Spellcasting
 60811 | Crypt:3  | Entered Level 3 of the Crypt
 60988 | Crypt:3  | Reached skill level 1 in Earth Magic
 61071 | Crypt:3  | Reached skill level 15 in Summonings
 61389 | Crypt:3  | Reached skill level 15 in Dodging
 61609 | Crypt:3  | Identified the +4 great sword "Hydra's Bane" {heavy, Str+6}
 61632 | Crypt:3  | Found a staircase to the Tomb.
 62068 | Crypt:3  | Noticed a dread lich
 62085 | Crypt:3  | Killed a dread lich
 62113 | Crypt:3  | Identified the +3 leather armour "Decsisme" {rElec Str+2
                  | Stlth+}
 62132 | Crypt:3  | Got the Grimoire of Black Magicks
 62376 | Vaults:5 | Entered Level 5 of the Vaults
 62385 | Vaults:5 | Reached skill level 1 in Necromancy
 63052 | Vaults:5 | Identified the +0 leather armour of Midnight {Rampage rPois
                  | rF- Regen+}
 63095 | Vaults:5 | Noticed an ancient lich
 63104 | Vaults:5 | Killed an ancient lich
 63153 | Vaults:5 | Reached skill level 5 in Necromancy
 63304 | Vaults:5 | Identified the +1 scale mail of the Turtle {Dex+6}
 63316 | Vaults:5 | Got a silver rune of Zot
 63393 | Vaults:5 | Noticed an ancient lich
 63407 | Vaults:5 | Killed an ancient lich
 63426 | Vaults:5 | Identified the ring "Riyrun" {rElec EV+5}
 63441 | Vaults:5 | Paralysed by a sphinx for 5 turns
 63903 | Vaults:5 | Identified the +2 falchion of Truncation {vamp, rCorr}
 63978 | Vaults:5 | Identified the ring of Sif Muna's Benevolence {rF+ MP+9
                  | Dex+4}
 64205 | Vaults:5 | Identified the +10 scimitar of Exhibitionism {venom, rC++
                  | rN+ Str+4 Dex+3}
 64712 | Hell     | Entered the Vestibule of Hell
 64712 | Hell     | Noticed Geryon
 64752 | Hell     | Killed Geryon
 65050 | Hell     | Found a gateway to the Iron City of Dis.
 65367 | Hell     | Found a gateway to the ashen valley of Gehenna.
 65458 | Hell     | Found a gateway to the decaying netherworld of Tartarus.
 65568 | Hell     | Found a gateway to the freezing wastes of Cocytus.
 65691 | Dis:1    | Entered Level 1 of the Iron City of Dis
 66925 | Dis:3    | Reached skill level 10 in Necromancy
 67714 | Dis:5    | You are sucked into a shaft and drop 1 floor!
 67721 | Dis:7    | Entered Level 7 of the Iron City of Dis
 67858 | Dis:7    | Learned a level 5 spell: Borgnjor's Vile Clutch
 68542 | Dis:7    | Reached skill level 15 in Shields
 69602 | Dis:7    | Noticed Dispater
 69602 | Dis:7    | Noticed a juggernaut
 69627 | Dis:7    | Killed a juggernaut
 69652 | Dis:7    | Killed Dispater
 69835 | Dis:7    | Identified the +8 whip of Gefonlio {heavy, *Noise Str+2
                  | Int+7 SInv}
 69837 | Dis:7    | Got an iron rune of Zot
 70941 | Dis:7    | Noticed a juggernaut
 70949 | Dis:7    | Killed a juggernaut
 71033 | Dis:7    | Identified the staff of cold "Gurufen" {rC+ Int+2}
 71044 | Dis:7    | Identified the staff of death "Sam Osio" {rN+ Will+}
 71050 | Dis:7    | Identified the +10 broad axe "Meosuall" {pain, Will+}
 71775 | Coc:1    | Entered Level 1 of Cocytus
 71958 | Coc:2    | Paralysed by a wendigo for 1 turns
 72737 | Coc:4    | Paralysed by a wendigo for 1 turns
 72813 | Coc:4    | Paralysed by a wendigo for 1 turns
 72817 | Coc:4    | Paralysed by a wendigo for 1 turns
 73219 | Coc:5    | Reached skill level 27 in Translocations
 73252 | Coc:7    | Entered Level 7 of Cocytus
 73452 | Coc:3    | Reached skill level 27 in Fighting
 73461 | Coc:3    | Reached skill level 15 in Necromancy
 73724 | Coc:6    | Paralysed by a wendigo for 1 turns
 74247 | Coc:7    | Learned a level 7 spell: Haunt
 74459 | Coc:7    | Learned a level 2 spell: Sublimation of Blood
 74496 | Coc:7    | Noticed the Serpent of Hell
 74508 | Coc:7    | Killed the Serpent of Hell
 75205 | Coc:7    | Noticed Antaeus
 75250 | Coc:7    | Killed Antaeus
 75422 | Coc:7    | Got an icy rune of Zot
 75431 | Coc:7    | Identified the staff of fire "Buweew" {*Corrode rF+ Str+3
                  | SInv Stlth+}
 76122 | Hell     | Learned a level 8 spell: Borgnjor's Revivification
 76184 | Geh:1    | Entered Level 1 of Gehenna
 77863 | Geh:7    | Entered Level 7 of Gehenna
 78494 | Geh:7    | Got the Annotations on the Shocking Impact
 78889 | Geh:7    | Found the -2 hat of the Alchemist {rElec rPois rF+ rC+ rN+
                  | Will+ rMut rCorr}
 79126 | Geh:7    | Identified the ring "Pijapuf" {rC++ Dex+6 Slay-2}
 79207 | Geh:7    | Found the +13 sceptre of Asmodeus
 79207 | Geh:7    | Noticed Asmodeus
 79252 | Geh:7    | Killed Asmodeus
 79253 | Geh:7    | Reached skill level 15 in Spellcasting
 79362 | Geh:7    | Got an obsidian rune of Zot
 79620 | Tar:1    | Entered Level 1 of Tartarus
 79830 | Tar:2    | Noticed an ancient lich
 79863 | Tar:2    | Killed an ancient lich
 82411 | Tar:5    | Noticed an ancient lich
 82419 | Tar:5    | Killed an ancient lich
 82709 | Tar:5    | Reached skill level 10 in Transmutations
 82881 | Tar:6    | Noticed a dread lich
 82896 | Tar:6    | Killed a dread lich
 83168 | Tar:7    | Entered Level 7 of Tartarus
 83298 | Tar:7    | Noticed an ancient lich
 83307 | Tar:7    | Killed an ancient lich
 83880 | Tar:7    | Noticed an ancient lich
 83898 | Tar:7    | Killed an ancient lich
 84282 | Tar:7    | Identified the staff of death "Suasuv" {rF++ rN+ MP-9
                  | Str+6}
 84283 | Tar:7    | Identified the ring of Xom's Bemusement {rElec AC+4 Int+2
                  | Stlth+}
 84478 | Tar:7    | Noticed an ancient lich
 84493 | Tar:7    | Killed an ancient lich
 84798 | Tar:7    | Noticed Ereshkigal
 84831 | Tar:7    | Paralysed by Ereshkigal for 3 turns
 84831 | Tar:7    | HP: 13/273 [???[Ereshkigal] (6)]
 84831 | Tar:7    | Killed Ereshkigal
 85057 | Tar:7    | Got a bone rune of Zot
 85407 | Tar:7    | Identified the amulet "Muitygievi" {Spirit Rampage rElec
                  | rC- Dex+5}
 85410 | Tar:7    | Identified the ring of the Duke {rF++ rN+}
 85695 | Tar:7    | Found the +8 orange crystal plate armour {Archmagi, Int+3
                  | Clar}
 85698 | Tar:7    | Identified the ring of the Real Monster {Fly Int+3}
 85700 | Tar:7    | Identified the ring "Raptel" {rC+ rN+ AC+4 Int+3 Dex+2}
 85719 | Tar:7    | Identified the amulet "Ahoalom" {Reflect Dex+3 Slay+4 SH+5}
 85721 | Tar:7    | Identified the staff of earth "Healoc" {Stlth+}
 85722 | Tar:7    | Identified the ring of Zusal {rF+ Dex+2}
 85939 | Tar:7    | Got the Lessons on Phantasms and the Valley
 85996 | Tar:7    | Identified the +4 dagger "Hell-Harrower" {vamp, Int+3}
 86188 | Pan      | Entered Pandemonium
 86809 | Pan      | Noticed Asyaf the pandemonium lord
 86819 | Pan      | Killed Asyaf the pandemonium lord
 87336 | Pan      | Got a demonic rune of Zot
 87889 | Pan      | Entered the realm of Mnoleg.
 87934 | Pan      | Lost mutation: You are robust. (+10% HP) [a cacodemon]
 88006 | Pan      | Gained mutation: You have hidden genetic defects. [a
                  | cacodemon]
 88011 | Pan      | Lost mutation: You are clumsy. (Dex -2) [a cacodemon]
 88021 | Pan      | Noticed Ignacio
 88026 | Pan      | Killed Ignacio
 88146 | Pan      | Gained mutation: Your magical capacity is low. (-10% MP) [a
                  | cacodemon]
 88156 | Pan      | Gained mutation: You occasionally shout uncontrollably at
                  | your foes. [a neqoxec]
 88169 | Pan      | Learned a level 8 spell: Necromutation
 88472 | Pan      | Reached skill level 15 in Transmutations
 88486 | Pan      | Gained mutation: You occasionally lose the ability to drink
                  | potions when taking damage. [a neqoxec]
 88487 | Pan      | Gained mutation: You do not regenerate when monsters are
                  | visible. [a neqoxec]
 88490 | Pan      | Lost mutation: You have hidden genetic defects. [potion of
                  | mutation]
 88490 | Pan      | Lost mutation: You do not regenerate when monsters are
                  | visible. [potion of mutation]
 88490 | Pan      | Lost mutation: You occasionally lose the ability to drink
                  | potions when taking damage. [potion of mutation]
 88490 | Pan      | Gained mutation: You are strong-willed. (Will+) [potion of
                  | mutation]
 88490 | Pan      | Gained mutation: Your mind is acute. (Int +4, Str/Dex -1)
                  | [potion of mutation]
 88597 | Pan      | Acquired a book of Party Tricks
 88662 | Pan      | Learned a level 1 spell: Apportation
 88816 | Pan      | Noticed Mnoleg
 88852 | Pan      | Killed Mnoleg
 89038 | Pan      | Got a glowing rune of Zot
 89226 | Pan      | Gained mutation: You are frail. (-10% HP) [a cacodemon]
 89329 | Pan      | Gained mutation: You have large cloven feet. [a cacodemon]
 89645 | Pan      | Entered the realm of Lom Lobon.
 90026 | Pan      | Noticed Lom Lobon
 90207 | Pan      | Killed Lom Lobon
 90381 | Pan      | Got a magical rune of Zot
 91589 | Pan      | Entered the realm of Cerebov.
 91829 | Pan      | Found the +6 sword of Cerebov {flame}
 91829 | Pan      | Noticed Cerebov
 91857 | Pan      | Killed Cerebov
 92001 | Pan      | Identified the +0 pair of boots of the Poles {Int+2}
 92005 | Pan      | Identified the staff of air "Ixtiuziw" {rElec Will++}
 92034 | Pan      | Identified the staff of earth "Jamnidd" {Will- Dex+5}
 92053 | Pan      | Identified the +12 chain mail of Qipsexec {Regen+ Int+3}
 92056 | Pan      | Identified the +4 short sword of Zoeraajy {drain, Fly rF++
                  | Dex+6}
 92059 | Pan      | Identified the ring "Quhac" {rElec rPois rC+ Int+5}
 92063 | Pan      | Identified the +5 chain mail of the Contumacious God
                  | {*Corrode +Inv rF+ Will++}
 92091 | Pan      | Got a fiery rune of Zot
 92150 | Pan      | Entered the realm of Gloorx Vloq.
 92407 | Pan      | Noticed Gloorx Vloq
 92418 | Pan      | Killed Gloorx Vloq
 92569 | Pan      | Got a dark rune of Zot
 92802 | Pan      | Gained mutation: You are occasionally teleported next to
                  | monsters. [a cacodemon]
 92811 | Pan      | Lost mutation: You are weak. (Str -2) [a cacodemon]
 92813 | Pan      | Lost mutation: Your magical capacity is low. (-10% MP)
                  | [potion of mutation]
 92813 | Pan      | Lost mutation: You passively dampen the noise of your
                  | surroundings. [potion of mutation]
 92814 | Pan      | Lost mutation: You occasionally shout uncontrollably at
                  | your foes. [potion of mutation]
 92814 | Pan      | Lost mutation: You are occasionally teleported next to
                  | monsters. [potion of mutation]
 92814 | Pan      | Lost mutation: You are strong-willed. (Will+) [potion of
                  | mutation]
 92814 | Pan      | Gained mutation: Your muscles are strong. (Str +4, Int/Dex
                  | -1) [potion of mutation]
 93299 | Pan      | Found an exit through the horrors of the Abyss.
 93580 | Pan      | Noticed Enkyirr the pandemonium lord
 93595 | Pan      | Killed Enkyirr the pandemonium lord
 93652 | Depths:2 | Escaped Pandemonium
 93710 | Zot:1    | Entered Level 1 of the Realm of Zot
 96277 | Zot:3    | Noticed an orb of fire
 96287 | Zot:3    | Killed an orb of fire
 97192 | Zot:3    | Learned a level 9 spell: Death's Door
 97352 | Zot:4    | Identified the +4 ring mail "Ponued" {Fly rF++ Dex-3}
 97930 | Zot:5    | Entered Level 5 of the Realm of Zot
 98561 | Zot:5    | Noticed a dread lich
 98568 | Zot:5    | Noticed an orb of fire
 98570 | Zot:5    | Killed a dread lich
 98570 | Zot:5    | Gained mutation: You are clumsy. (Dex -2) [an orb of fire]
 98573 | Zot:5    | Killed an orb of fire
 98578 | Zot:5    | Noticed a dread lich
 98587 | Zot:5    | Killed a dread lich
 98677 | Zot:5    | Noticed an orb of fire
 98677 | Zot:5    | Noticed an orb of fire
 98687 | Zot:5    | Noticed an orb of fire
 98690 | Zot:5    | Killed an orb of fire
 98691 | Zot:5    | Killed an orb of fire
 98692 | Zot:5    | Killed an orb of fire
 98698 | Zot:5    | Lost mutation: Your muscles are strong. (Str +4, Int/Dex
                  | -1) [mutagenic glow]
 98699 | Zot:5    | Noticed an ancient lich
 98708 | Zot:5    | Noticed a dread lich
 98715 | Zot:5    | Killed an ancient lich
 98727 | Zot:5    | Paralysed by something for 3 turns
 98736 | Zot:5    | Killed a dread lich
 98846 | Zot:5    | Identified the ring "Veodur" {rCorr MP+9}
 98864 | Zot:5    | Identified the staff of death "Iceosunn" {rElec rN+ Dex+5}
 99385 | Tomb:1   | Entered Level 1 of the Tomb of the Ancients
 99677 | Tomb:1   | Identified the ring "Mera" {rPois rF- MP+9 Int+3 Stlth+}
 99933 | Tomb:1   | Noticed a royal mummy
 99935 | Tomb:1   | Noticed a royal mummy
 99957 | Tomb:1   | Killed a royal mummy
 99959 | Tomb:1   | Killed a royal mummy
100327 | Tomb:2   | Noticed a royal mummy
100327 | Tomb:2   | Noticed a royal mummy
100327 | Tomb:2   | Noticed a royal mummy
100327 | Tomb:2   | Noticed a royal mummy
100338 | Tomb:2   | Killed a royal mummy
100346 | Tomb:2   | Killed a royal mummy
100350 | Tomb:2   | Killed a royal mummy
100355 | Tomb:2   | Killed a royal mummy
100430 | Tomb:2   | Reached skill level 15 in Polearms
100430 | Tomb:2   | Reached skill level 27 in Armour
100760 | Tomb:1   | Noticed a royal mummy
100766 | Tomb:1   | Killed a royal mummy
100770 | Tomb:1   | Noticed a royal mummy
100779 | Tomb:1   | Killed a royal mummy
100779 | Tomb:1   | Noticed a royal mummy
100781 | Tomb:1   | Noticed a royal mummy
100787 | Tomb:1   | Killed a royal mummy
100797 | Tomb:1   | Killed a royal mummy
100888 | Tomb:1   | Noticed a royal mummy
100906 | Tomb:1   | Killed a royal mummy
101036 | Tomb:1   | Noticed a royal mummy
101038 | Tomb:1   | Noticed a royal mummy
101046 | Tomb:1   | Killed a royal mummy
101049 | Tomb:1   | Killed a royal mummy
101084 | Tomb:1   | Noticed a royal mummy
101092 | Tomb:1   | Killed a royal mummy
101106 | Tomb:1   | Noticed a royal mummy
101106 | Tomb:1   | Noticed a royal mummy
101109 | Tomb:1   | Noticed a royal mummy
101115 | Tomb:1   | Killed a royal mummy
101116 | Tomb:1   | Noticed a royal mummy
101119 | Tomb:1   | Killed a royal mummy
101125 | Tomb:1   | Killed a royal mummy
101127 | Tomb:1   | Killed a royal mummy
101128 | Tomb:1   | Reached skill level 27 in Necromancy
101142 | Tomb:1   | Gained mutation: You are very clumsy. (Dex -4) [mutagenic
                  | glow]
101252 | Tomb:1   | Noticed a royal mummy
101258 | Tomb:1   | Noticed a royal mummy
101260 | Tomb:1   | Killed a royal mummy
101273 | Tomb:1   | Killed a royal mummy
101275 | Tomb:1   | Noticed a royal mummy
101277 | Tomb:1   | Noticed a royal mummy
101288 | Tomb:1   | Killed a royal mummy
101291 | Tomb:1   | Killed a royal mummy
101302 | Tomb:1   | Noticed a royal mummy
101308 | Tomb:1   | Noticed a royal mummy
101312 | Tomb:1   | Killed a royal mummy
101317 | Tomb:1   | Killed a royal mummy
101363 | Tomb:1   | Noticed a royal mummy
101389 | Tomb:1   | Killed a royal mummy
101587 | Tomb:1   | Noticed a royal mummy
101600 | Tomb:1   | Killed a royal mummy
101863 | Tomb:3   | Entered Level 3 of the Tomb of the Ancients
101884 | Tomb:3   | Paralysed by a Zot trap for 5 turns
101890 | Tomb:3   | Noticed a royal mummy
101890 | Tomb:3   | Noticed a royal mummy
101902 | Tomb:3   | Killed a royal mummy
101905 | Tomb:3   | Noticed a royal mummy
101909 | Tomb:3   | Killed a royal mummy
101914 | Tomb:3   | Noticed a royal mummy
101925 | Tomb:3   | Identified the +2 whip of Resourcefulness {freeze, rF+++
                  | Will- Dex+2 Stlth-}
101976 | Tomb:3   | Killed a royal mummy
102013 | Tomb:3   | Killed a royal mummy
102038 | Tomb:3   | Got the Essays on Mutagenic Nephomancy
102092 | Tomb:3   | Identified the ring of the Powerful God {Contam rCorr Str+6
                  | Dex+8}
102124 | Tomb:3   | Identified the amulet "Ymixy" {RegenMP Will+ rCorr}
102201 | Tomb:3   | Noticed a royal mummy
102215 | Tomb:3   | Noticed a royal mummy
102216 | Tomb:3   | Killed a royal mummy
102218 | Tomb:3   | Noticed a royal mummy
102219 | Tomb:3   | Noticed Khufu
102228 | Tomb:3   | Killed Khufu
102234 | Tomb:3   | Noticed a royal mummy
102376 | Tomb:3   | Killed a royal mummy
102388 | Tomb:3   | Killed a royal mummy
102405 | Tomb:3   | Killed a royal mummy
102549 | Tomb:3   | Identified the ring of Gimiumaf {rElec rCorr Int+4}
102750 | Tomb:3   | Got a golden rune of Zot
102981 | Crypt:3  | Learned a level 8 spell: Disjunction
103305 | Zig:1    | Entered Level 1 of a ziggurat
103325 | Zig:2    | Entered Level 2 of a ziggurat
103346 | Zig:3    | Entered Level 3 of a ziggurat
103399 | Zig:4    | Entered Level 4 of a ziggurat
103492 | Zig:4    | Identified the +4 acid dragon scales "Fohomapu" {rCorr
                  | Int+4}
103507 | Zig:5    | Entered Level 5 of a ziggurat
103525 | Zig:5    | Identified the ring of Xom's Best Wishes {Ice Str+2}
103534 | Zig:6    | Entered Level 6 of a ziggurat
103812 | Zig:6    | Lost mutation: You have large cloven feet. [potion of
                  | mutation]
103812 | Zig:6    | Lost mutation: Your mind is acute. (Int +4, Str/Dex -1)
                  | [potion of mutation]
103812 | Zig:6    | Gained mutation: You have supernaturally acute eyesight.
                  | (SInv) [potion of mutation]
103812 | Zig:6    | Lost mutation: You are frail. (-10% HP) [potion of
                  | mutation]
103812 | Zig:6    | Gained mutation: You occasionally lose the ability to read
                  | scrolls when taking damage. [potion of mutation]
103813 | Zig:6    | Lost mutation: You have supernaturally acute eyesight.
                  | (SInv) [potion of mutation]
103813 | Zig:6    | Lost mutation: You are very clumsy. (Dex -4) [potion of
                  | mutation]
103813 | Zig:6    | Lost mutation: You are clumsy. (Dex -2) [potion of
                  | mutation]
103813 | Zig:6    | Gained mutation: You have sharp toenails. [potion of
                  | mutation]
103814 | Zig:6    | Lost mutation: You have sharp toenails. [potion of
                  | mutation]
103814 | Zig:6    | Lost mutation: You occasionally lose the ability to read
                  | scrolls when taking damage. [potion of mutation]
103814 | Zig:6    | Gained mutation: You are strong-willed. (Will+) [potion of
                  | mutation]
103815 | Zig:6    | Lost mutation: You are strong-willed. (Will+) [potion of
                  | mutation]
103815 | Zig:6    | Gained mutation: Your mind is acute. (Int +4, Str/Dex -1)
                  | [potion of mutation]
103815 | Zig:6    | Gained mutation: You passively dampen the noise of your
                  | surroundings. [potion of mutation]
103816 | Zig:6    | Lost mutation: You passively dampen the noise of your
                  | surroundings. [potion of mutation]
103816 | Zig:6    | Lost mutation: Your mind is acute. (Int +4, Str/Dex -1)
                  | [potion of mutation]
103816 | Zig:6    | Gained mutation: A frigid envelope surrounds you and
                  | freezes all who hurt you. [potion of mutation]
103816 | Zig:6    | Gained mutation: You are strong-willed. (Will+) [potion of
                  | mutation]
103819 | Zig:7    | Entered Level 7 of a ziggurat
103861 | Zig:7    | Identified the +5 great sword of the Vestibule of Hell
                  | {flame, rC++}
103868 | Zig:7    | Identified the ring of Uttiorr {rElec Will- AC+4 Int+4
                  | Dex+2}
103877 | Zig:8    | Entered Level 8 of a ziggurat
103908 | Zig:8    | Identified the +5 arbalest "Spider's Funeral" {flame,
                  | rElec}
103926 | Zig:8    | Reached skill level 27 in Spellcasting
103985 | Zig:9    | Entered Level 9 of a ziggurat
104034 | Zig:9    | Identified the amulet "Recadd" {RegenMP rPois rC+ Will+}
104055 | Zig:9    | Lost mutation: A frigid envelope surrounds you and freezes
                  | all who hurt you. [potion of mutation]
104055 | Zig:9    | Lost mutation: You are strong-willed. (Will+) [potion of
                  | mutation]
104055 | Zig:9    | Gained mutation: You do not regenerate when monsters are
                  | visible. [potion of mutation]
104055 | Zig:9    | Gained mutation: Your mind is acute. (Int +4, Str/Dex -1)
                  | [potion of mutation]
104055 | Zig:9    | Gained mutation: You have an increased reservoir of magic.
                  | (+10% MP) [potion of mutation]
104056 | Zig:9    | Lost mutation: You do not regenerate when monsters are
                  | visible. [potion of mutation]
104056 | Zig:9    | Lost mutation: You have an increased reservoir of magic.
                  | (+10% MP) [potion of mutation]
104056 | Zig:9    | Lost mutation: Your mind is acute. (Int +4, Str/Dex -1)
                  | [potion of mutation]
104056 | Zig:9    | Gained mutation: You expend magic power (3 MP) to
                  | strengthen your wands. [potion of mutation]
104056 | Zig:9    | Gained mutation: You are agile. (Dex +4, Str/Int -1)
                  | [potion of mutation]
104057 | Zig:9    | Lost mutation: You expend magic power (3 MP) to strengthen
                  | your wands. [potion of mutation]
104057 | Zig:9    | Lost mutation: You are agile. (Dex +4, Str/Int -1) [potion
                  | of mutation]
104057 | Zig:9    | Gained mutation: You are frail. (-10% HP) [potion of
                  | mutation]
104057 | Zig:9    | Gained mutation: You are partially covered in iridescent
                  | scales. (AC +2) [potion of mutation]
104058 | Zig:9    | Lost mutation: You are partially covered in iridescent
                  | scales. (AC +2) [potion of mutation]
104058 | Zig:9    | Lost mutation: You are frail. (-10% HP) [potion of
                  | mutation]
104058 | Zig:9    | Gained mutation: You are robust. (+10% HP) [potion of
                  | mutation]
104058 | Zig:9    | Gained mutation: You occasionally lose the ability to read
                  | scrolls when taking damage. [potion of mutation]
104059 | Zig:9    | Lost mutation: You are robust. (+10% HP) [potion of
                  | mutation]
104059 | Zig:9    | Lost mutation: You occasionally lose the ability to read
                  | scrolls when taking damage. [potion of mutation]
104059 | Zig:9    | Gained mutation: You are covered in fur. (AC +1) [potion of
                  | mutation]
104059 | Zig:9    | Gained mutation: Your mind is acute. (Int +4, Str/Dex -1)
                  | [potion of mutation]
104059 | Zig:9    | Gained mutation: Your flesh is cold resistant. (rC+)
                  | [potion of mutation]
104078 | Zig:10   | Entered Level 10 of a ziggurat
104146 | Zig:10   | Identified the +0 robe "Note Via" {+Inv Str+6 Int+3 Dex-5
                  | SInv}
104149 | Zig:10   | Identified the ring "Neisalig" {rElec MP+9 Str-3 Int+2}
104161 | Zig:10   | Identified the staff of air "Xaogg" {rElec rF+ Dex+3}
104166 | Zig:11   | Entered Level 11 of a ziggurat
104186 | Zig:11   | Noticed a juggernaut
104186 | Zig:11   | Noticed a juggernaut
104207 | Zig:11   | Killed a juggernaut
104217 | Zig:11   | Killed a juggernaut
104377 | Zig:11   | Identified the +5 swamp dragon scales of Narcissism
                  | {Rampage rPois Int+3}
104384 | Zig:11   | Acquired 961 gold pieces
104386 | Zig:11   | Identified the +7 flail of Cowardice {spect, MP+9 SInv}
104389 | Zig:11   | Identified the +6 dire flail of Bnni's Slow Death {drain,
                  | *Corrode rElec Str+4 Int+3}
104396 | Zig:12   | Entered Level 12 of a ziggurat
104665 | Zig:12   | Learned a level 7 spell: Monstrous Menagerie
104681 | Zig:12   | Learned a level 8 spell: Infestation
104686 | Zig:12   | Identified the amulet of Iseyces {Reflect Harm rC- Will+
                  | SH+5}
104695 | Zig:12   | Identified the amulet of Eniann {Acrobat rElec}
104724 | Zig:13   | Entered Level 13 of a ziggurat
104727 | Zig:13   | Noticed a royal mummy
104731 | Zig:13   | Noticed a royal mummy
104732 | Zig:13   | Noticed a royal mummy
104733 | Zig:13   | Noticed a royal mummy
104733 | Zig:13   | Killed a royal mummy
104735 | Zig:13   | Noticed a royal mummy
104743 | Zig:13   | Killed a royal mummy
104743 | Zig:13   | Killed a royal mummy
104744 | Zig:13   | Killed a royal mummy
104744 | Zig:13   | Killed a royal mummy
104876 | Zig:13   | Identified the +3 ring mail of Indomitability {-Tele rPois
                  | rN++ Regen+}
104906 | Zig:14   | Entered Level 14 of a ziggurat
104967 | Zig:14   | Found the dreamshard necklace {*Dream Drain}
104979 | Zig:14   | Identified the +5 whip of Calculation {heavy, Will+ Dex+4
                  | SInv Stlth+}
105003 | Zig:14   | Identified the staff of earth "Ydoto" {rElec rF+ Str-2
                  | SInv}
105018 | Zig:15   | Entered Level 15 of a ziggurat
105036 | Zig:15   | Noticed Deluxitt the pandemonium lord
105036 | Zig:15   | Noticed Wedwi the pandemonium lord
105039 | Zig:15   | Noticed Wirojod the pandemonium lord
105042 | Zig:15   | Noticed Heogoupe the pandemonium lord
105053 | Zig:15   | Killed Wedwi the pandemonium lord
105065 | Zig:15   | Killed Deluxitt the pandemonium lord
105074 | Zig:15   | Killed Heogoupe the pandemonium lord
105142 | Zig:15   | Killed Wirojod the pandemonium lord
105242 | Zig:16   | Entered Level 16 of a ziggurat
105283 | Zig:16   | Noticed an ancient lich
105290 | Zig:16   | Killed an ancient lich
105392 | Zig:16   | Identified the ring "Pauppuisk" {Drain Int+9 Dex+3 SInv
                  | Stlth+}
105421 | Zig:17   | Entered Level 17 of a ziggurat
105520 | Zig:17   | Identified the staff of death "Olual" {rN+ Str+5}
105528 | Zig:18   | Entered Level 18 of a ziggurat
105553 | Zig:18   | Noticed a dread lich
105583 | Zig:18   | Killed a dread lich
106088 | Zig:18   | Identified the +8 halberd "Kuikif" {distort, Will+ Int+5}
106100 | Zig:18   | Identified the ring of Cikhlirch {rPois Will+ SInv}
106119 | Zig:18   | Lost mutation: Your mind is acute. (Int +4, Str/Dex -1)
                  | [potion of mutation]
106119 | Zig:18   | Lost mutation: Your flesh is cold resistant. (rC+) [potion
                  | of mutation]
106119 | Zig:18   | Gained mutation: Your mind is acute. (Int +4, Str/Dex -1)
                  | [potion of mutation]
106119 | Zig:18   | Lost mutation: Your mind is acute. (Int +4, Str/Dex -1)
                  | [potion of mutation]
106119 | Zig:18   | Gained mutation: You passively dampen the noise of your
                  | surroundings. [potion of mutation]
106120 | Zig:18   | Lost mutation: You are covered in fur. (AC +1) [potion of
                  | mutation]
106120 | Zig:18   | Lost mutation: You passively dampen the noise of your
                  | surroundings. [potion of mutation]
106120 | Zig:18   | Gained mutation: You have sharp fingernails. [potion of
                  | mutation]
106120 | Zig:18   | Gained mutation: You are somewhat resistant to further
                  | mutation. [potion of mutation]
106120 | Zig:18   | Gained mutation: Your spells are a little harder to cast,
                  | but a little more powerful. [potion of mutation]
106121 | Zig:18   | Lost mutation: You have sharp fingernails. [potion of
                  | mutation]
106121 | Zig:18   | Lost mutation: You are somewhat resistant to further
                  | mutation. [potion of mutation]
106121 | Zig:18   | Lost mutation: Your spells are a little harder to cast, but
                  | a little more powerful. [potion of mutation]
106121 | Zig:18   | Gained mutation: You are strong-willed. (Will+) [potion of
                  | mutation]
106121 | Zig:18   | Gained mutation: You are frail. (-10% HP) [potion of
                  | mutation]
106122 | Zig:18   | Lost mutation: You are frail. (-10% HP) [potion of
                  | mutation]
106122 | Zig:18   | Lost mutation: You are strong-willed. (Will+) [potion of
                  | mutation]
106122 | Zig:18   | Gained mutation: Potions are less effective at restoring
                  | your health. [potion of mutation]
106123 | Zig:18   | Lost mutation: Potions are less effective at restoring your
                  | health. [potion of mutation]
106123 | Zig:18   | Gained mutation: Your flesh is cold resistant. (rC+)
                  | [potion of mutation]
106123 | Zig:18   | Gained mutation: You are clumsy. (Dex -2) [potion of
                  | mutation]
106124 | Zig:18   | Lost mutation: You are clumsy. (Dex -2) [potion of
                  | mutation]
106124 | Zig:18   | Lost mutation: Your flesh is cold resistant. (rC+) [potion
                  | of mutation]
106124 | Zig:18   | Gained mutation: Your mind is acute. (Int +4, Str/Dex -1)
                  | [potion of mutation]
106124 | Zig:18   | Gained mutation: You are agile. (Dex +4, Str/Int -1)
                  | [potion of mutation]
106125 | Zig:18   | Lost mutation: Your mind is acute. (Int +4, Str/Dex -1)
                  | [potion of mutation]
106125 | Zig:18   | Lost mutation: You are agile. (Dex +4, Str/Int -1) [potion
                  | of mutation]
106125 | Zig:18   | Gained mutation: Armour fits poorly on your strangely
                  | shaped body. [potion of mutation]
106125 | Zig:18   | Gained mutation: Your flesh is heat resistant. (rF+)
                  | [potion of mutation]
106126 | Zig:18   | Lost mutation: Armour fits poorly on your strangely shaped
                  | body. [potion of mutation]
106126 | Zig:18   | Lost mutation: Your flesh is heat resistant. (rF+) [potion
                  | of mutation]
106126 | Zig:18   | Gained mutation: Your flesh is heat resistant. (rF+)
                  | [potion of mutation]
106126 | Zig:18   | Gained mutation: Your mind is acute. (Int +4, Str/Dex -1)
                  | [potion of mutation]
106126 | Zig:18   | Gained mutation: You sometimes lose your temper in combat.
                  | [potion of mutation]
106126 | Zig:18   | Gained mutation: You are agile. (Dex +4, Str/Int -1)
                  | [potion of mutation]
106127 | Zig:18   | Lost mutation: You sometimes lose your temper in combat.
                  | [potion of mutation]
106127 | Zig:18   | Lost mutation: You are agile. (Dex +4, Str/Int -1) [potion
                  | of mutation]
106127 | Zig:18   | Gained mutation: You have sharp fingernails. [potion of
                  | mutation]
106127 | Zig:18   | Gained mutation: Your spells are a little harder to cast,
                  | but a little more powerful. [potion of mutation]
106157 | Zig:19   | Entered Level 19 of a ziggurat
106484 | Zig:19   | Identified the +1 dagger "Anwy Ire" {protect, Fly rF+ Str-2
                  | Int+6}
106486 | Zig:19   | Identified the ring "Voopor" {Fly rElec rCorr MP+9 Int+6}
106497 | Zig:19   | Identified the +3 great sword of Eternal Vigilance {flame,
                  | Fly rC- rCorr Int+8}
106513 | Zig:20   | Entered Level 20 of a ziggurat
107072 | Zig:20   | Found the ring of the Octopus King
107084 | Zig:20   | Identified the +4 dagger of Earthquakes {antimagic, rPois
                  | Int+3}
107095 | Zig:20   | Identified the amulet of Creativity {Faith rN++ Dex+2}
107102 | Zig:20   | Identified a ring of the Octopus King {rC+ HP+2 AC+2 EV+2
                  | SH+2}
107107 | Zig:20   | Identified the +6 shortbow "Beast's Demise" {drain, rElec
                  | rCorr}
107120 | Zig:21   | Entered Level 21 of a ziggurat
107166 | Zig:21   | Noticed an ancient lich
107186 | Zig:21   | Killed an ancient lich
107191 | Zig:21   | Noticed an ancient lich
107230 | Zig:21   | Killed an ancient lich
107430 | Zig:21   | Identified the +0 pair of gloves "Kuajach" {rElec}
107470 | Zig:21   | Identified the staff of poison "Feamm" {rPois Str+3 Int-5}
107506 | Zig:22   | Entered Level 22 of a ziggurat
107539 | Zig:22   | Noticed a juggernaut
107542 | Zig:22   | Noticed a juggernaut
107550 | Zig:22   | Killed a juggernaut
107550 | Zig:22   | Killed a juggernaut
107551 | Zig:22   | Noticed a juggernaut
107567 | Zig:22   | Killed a juggernaut
107573 | Zig:22   | Noticed a juggernaut
107589 | Zig:22   | Killed a juggernaut
107990 | Zig:22   | Identified the +3 flail of Yrghi {speed, rCorr SInv}
107995 | Zig:23   | Entered Level 23 of a ziggurat
108005 | Zig:23   | Noticed a juggernaut
108023 | Zig:23   | Killed a juggernaut
108024 | Zig:23   | Noticed a juggernaut
108034 | Zig:23   | Noticed a juggernaut
108037 | Zig:23   | Noticed a juggernaut
108038 | Zig:23   | Killed a juggernaut
108045 | Zig:23   | Killed a juggernaut
108053 | Zig:23   | Killed a juggernaut
108062 | Zig:23   | Noticed a juggernaut
108070 | Zig:23   | Noticed a juggernaut
108077 | Zig:23   | Killed a juggernaut
108157 | Zig:23   | Killed a juggernaut
108451 | Zig:23   | Identified the staff of air "Diny" {rElec Dex+4}
108457 | Zig:23   | Identified the staff of conjuration "Uhovuhah" {rF+}
108471 | Zig:24   | Entered Level 24 of a ziggurat
108485 | Zig:24   | Paralysed by an air elemental for 1 turns
108530 | Zig:24   | HP: 11/221 [titan/bolt of lightning (7)]
109185 | Zig:24   | Identified the +3 battleaxe "Grom" {heavy, rPois rC- Dex-3
                  | SInv}
109207 | Zig:24   | Identified the staff of conjuration "Ykhas" {rPois rC-
                  | Str+8 Int+4}
109214 | Zig:24   | Identified the staff of cold "Reilow" {rC+ Will+ rCorr
                  | Dex+2}
109215 | Zig:24   | Identified the +12 morningstar "Worm's Wrath" {protect,
                  | rPois Str+2}
109221 | Zig:25   | Entered Level 25 of a ziggurat
109228 | Zig:25   | Noticed an orb of fire
109235 | Zig:25   | Gained mutation: You are clumsy. (Dex -2) [an orb of fire]
109238 | Zig:25   | Killed an orb of fire
109269 | Zig:25   | Noticed an orb of fire
109274 | Zig:25   | Killed an orb of fire
109278 | Zig:25   | Noticed an orb of fire
109280 | Zig:25   | Killed an orb of fire
109291 | Zig:25   | Noticed an orb of fire
109294 | Zig:25   | Killed an orb of fire
109300 | Zig:25   | Noticed an orb of fire
109309 | Zig:25   | Killed an orb of fire
109309 | Zig:25   | Noticed an orb of fire
109314 | Zig:25   | Killed an orb of fire
109314 | Zig:25   | Noticed an orb of fire
109325 | Zig:25   | Killed an orb of fire
109341 | Zig:25   | Noticed an orb of fire
109346 | Zig:25   | Killed an orb of fire
109351 | Zig:25   | Noticed an orb of fire
109361 | Zig:25   | Killed an orb of fire
109382 | Zig:25   | Noticed an orb of fire
109387 | Zig:25   | Killed an orb of fire
109407 | Zig:25   | Noticed an orb of fire
109408 | Zig:25   | Noticed an orb of fire
109422 | Zig:25   | Killed an orb of fire
109429 | Zig:25   | Killed an orb of fire
109680 | Zig:25   | Found the +0 pair of fencer's gloves {Riposte Dex+3}
109720 | Zig:25   | Identified the staff of conjuration "Icis" {*Corrode rPois
                  | Will+}
109721 | Zig:25   | Identified the amulet "Gorgh" {RegenMP Contam rPois rCorr
                  | Dex+4}
109730 | Zig:25   | Identified the +7 morningstar of Azigericoo {elec, *Noise
                  | rPois rC+ rN+}
109740 | Zig:25   | Lost mutation: You are clumsy. (Dex -2) [potion of
                  | mutation]
109740 | Zig:25   | Lost mutation: You have sharp fingernails. [potion of
                  | mutation]
109740 | Zig:25   | Lost mutation: Your flesh is heat resistant. (rF+) [potion
                  | of mutation]
109740 | Zig:25   | Gained mutation: Your movements are slightly less
                  | encumbered by armour. (ER -2) [potion of mutation]
109740 | Zig:25   | Gained mutation: You have hidden genetic potential. [potion
                  | of mutation]
109743 | Zig:25   | Lost mutation: Your mind is acute. (Int +4, Str/Dex -1)
                  | [potion of mutation]
109743 | Zig:25   | Lost mutation: Your movements are slightly less encumbered
                  | by armour. (ER -2) [potion of mutation]
109743 | Zig:25   | Lost mutation: You have hidden genetic potential. [potion
                  | of mutation]
109743 | Zig:25   | Lost mutation: Your spells are a little harder to cast, but
                  | a little more powerful. [potion of mutation]
109743 | Zig:25   | Gained mutation: You are frail. (-10% HP) [potion of
                  | mutation]
109743 | Zig:25   | Gained mutation: You are vulnerable to cold. (rC-) [potion
                  | of mutation]
109743 | Zig:25   | Gained mutation: You have an increased reservoir of magic.
                  | (+10% MP) [potion of mutation]
109744 | Zig:25   | Lost mutation: You are vulnerable to cold. (rC-) [potion of
                  | mutation]
109744 | Zig:25   | Lost mutation: You are frail. (-10% HP) [potion of
                  | mutation]
109744 | Zig:25   | Lost mutation: You have an increased reservoir of magic.
                  | (+10% MP) [potion of mutation]
109744 | Zig:25   | Gained mutation: You have hidden genetic potential. [potion
                  | of mutation]
109744 | Zig:25   | Gained mutation: Your movements are slightly less
                  | encumbered by armour. (ER -2) [potion of mutation]
109744 | Zig:25   | Gained mutation: You have a pair of small horns on your
                  | head. [potion of mutation]
109745 | Zig:25   | Lost mutation: You have hidden genetic potential. [potion
                  | of mutation]
109745 | Zig:25   | Lost mutation: Your movements are slightly less encumbered
                  | by armour. (ER -2) [potion of mutation]
109745 | Zig:25   | Gained mutation: You are strong-willed. (Will+) [potion of
                  | mutation]
109745 | Zig:25   | Gained mutation: You possess an exceptional clarity of
                  | mind. [potion of mutation]
109745 | Zig:25   | Gained mutation: Your mind is acute. (Int +4, Str/Dex -1)
                  | [potion of mutation]
109745 | Zig:25   | Gained mutation: You are partially covered in iridescent
                  | scales. (AC +2) [potion of mutation]
109748 | Zig:25   | Lost mutation: You are strong-willed. (Will+) [potion of
                  | mutation]
109748 | Zig:25   | Lost mutation: Your mind is acute. (Int +4, Str/Dex -1)
                  | [potion of mutation]
109748 | Zig:25   | Gained mutation: Your magical capacity is low. (-10% MP)
                  | [potion of mutation]
109748 | Zig:25   | Gained mutation: Your magical capacity is very low. (-20%
                  | MP) [potion of mutation]
109748 | Zig:25   | Gained mutation: Your flesh is heat resistant. (rF+)
                  | [potion of mutation]
109749 | Zig:25   | Lost mutation: You are partially covered in iridescent
                  | scales. (AC +2) [potion of mutation]
109749 | Zig:25   | Lost mutation: You have a pair of small horns on your head.
                  | [potion of mutation]
109749 | Zig:25   | Gained mutation: Armour fits poorly on your strangely
                  | shaped body. [potion of mutation]
109750 | Zig:25   | Lost mutation: You possess an exceptional clarity of mind.
                  | [potion of mutation]
109750 | Zig:25   | Lost mutation: Your flesh is heat resistant. (rF+) [potion
                  | of mutation]
109750 | Zig:25   | Lost mutation: Your magical capacity is very low. (-20% MP)
                  | [potion of mutation]
109750 | Zig:25   | Gained mutation: Your body sometimes deteriorates upon
                  | taking damage. [potion of mutation]
109750 | Zig:25   | Lost mutation: Your magical capacity is low. (-10% MP)
                  | [potion of mutation]
109750 | Zig:25   | Gained mutation: A frigid envelope surrounds you and
                  | freezes all who hurt you. [potion of mutation]
109750 | Zig:25   | Gained mutation: Your muscles are strong. (Str +4, Int/Dex
                  | -1) [potion of mutation]
109751 | Zig:25   | Lost mutation: Your body sometimes deteriorates upon taking
                  | damage. [potion of mutation]
109751 | Zig:25   | Lost mutation: Armour fits poorly on your strangely shaped
                  | body. [potion of mutation]
109751 | Zig:25   | Gained mutation: You are agile. (Dex +4, Str/Int -1)
                  | [potion of mutation]
109751 | Zig:25   | Gained mutation: You are somewhat resistant to further
                  | mutation. [potion of mutation]
109781 | Zig:26   | Entered Level 26 of a ziggurat
109875 | Zig:26   | Noticed an ancient lich
109886 | Zig:26   | Killed an ancient lich
109899 | Zig:26   | Noticed a dread lich
109899 | Zig:26   | Noticed an ancient lich
110010 | Zig:26   | Killed an ancient lich
110236 | Zig:26   | Killed a dread lich
110237 | Zig:26   | Reached skill level 27 in Throwing
110242 | Zig:26   | Found the +12 pair of quick blades "Gyre" and "Gimble"
                  | {protect}
110246 | Zig:26   | Identified the +7 ring mail of the Trees {Harm rPois}
110249 | Zig:26   | Got the Atlas of the Dragon
110264 | Zig:26   | Identified the staff of poison "Ibukkuz" {Fragile rPois rC+
                  | Will+++ Dex+2}
110269 | Zig:26   | Identified the staff of earth "Juoses" {rCorr Str+8}
110274 | Zig:26   | Reached skill level 27 in Dodging
110274 | Zig:26   | Reached skill level 27 in Shields
110275 | Zig:26   | Identified the +1 plate armour "Miesm" {rC++ Dex+2}
110287 | Zig:27   | Entered Level 27 of a ziggurat
110418 | Zig:27   | Found the +2 Maxwell's thermic engine {flame, freeze, rev}
110421 | Zig:27   | Found the +4 moon troll leather armour {Spirit, Regen++
                  | MP+5}
110483 | Zig:27   | Identified the +8 whip "Yveuwkau" {protect, *Noise Dex+3}
110485 | Zig:27   | Identified the +7 trident of Sunlight {antimagic, rElec
                  | Will- Int-5 SInv}
110490 | Zig:27   | Got the Octavo of Accompaniment
110501 | Zig:27   | Learned a level 8 spell: Summon Horrible Things
110501 | Zig:27   | Identified the staff of earth "Kidwait" {Int+3 Dex+3}
110712 | Zot:5    | Learned a level 5 spell: Yara's Violent Unravelling
110715 | Zot:5    | Learned a level 2 spell: Passwall
110715 | Zot:5    | Got the Orb of Zot
111134 | D:9      | Noticed Xutucw the pandemonium lord
111134 | D:9      | Noticed an ancient lich
111140 | D:9      | Killed an ancient lich
111147 | D:9      | Killed Xutucw the pandemonium lord
111304 | D:3      | Noticed Voam the pandemonium lord
111307 | D:3      | Killed Voam the pandemonium lord
111415 | D:$      | Escaped with the Orb!

Illustrated notes

Levels and vault maps discovered:
D:1:      grunt_arrival_lava_bath, layout_basic, minmay_lizard_pond
D:2:      layout_basic, basic_altar, kennysheep_generic_room_15, uniq_robin
D:3:      layout_basic, minivault_4
D:4:      cheibrodos_quashed, layout_cave_pools, lemuel_flame_loot_1,
          uniq_duvessa
D:5:      layout_loops_corners, serial_shops, nicolae_square_shop,
          gammafunk_ghost_icy, amcnicky_mini_rare_corridor_liquid,
          grunt_ministairs_2
D:6:      layout_loops_corners, lightli_sewer_entry_pipes, roderic_batcave
D:7:      layout_loops_ring, minmay_temple_entry_butterflies,
          chequers_serial_rivers_marsh, uniq_joseph, uniq_maggie,
          uniq_crazy_yiuf_cottage
D:8:      layout_loops_corners, trog_wizard, makhleb_blood_cavern_becter
D:9:      layout_small_grid, lemuel_round_altar, lemuel_doored_altar,
          uniq_prince_ribbit1, uniq_pikel
D:10:     layout_gridville, mainiacjoe_overflow_paths,
          nicolae_kikubaaqudgha_miasma_corner
D:11:     layout_rooms, minmay_lair_entry_grove, uniq_amaemon
D:12:     layout_basic, kennysheep_orc_monster_closet_entryway, uniq_azrael
D:13:     cheibrodos_hippocracy, layout_rooms, serial_shops,
          nicolae_diamond_shop, fake_guardian_serpent_vault, uniq_kirke
D:14:     layout_big_octagon, serial_bayou_shore_b, dreamdust_mushroom_princess,
          uniq_josephine, uniq_nessos, uniq_rupert
D:15:     grunt_enter_depths_giant_problem, layout_basic, serial_bayou_pond_a
Temple:   nicolae_temple_superstar
Lair:1:   layout_regular_city, serial_bayou_shore_b, grunt_megastairs_5,
          infiniplex_staircase_pool_2, uniq_fannar
Lair:2:   layout_loops_ring, guppyfry_snake_entry_island,
          portal_ice_cave_entry_pillars_2, cheibrodos_lair_lostbears,
          grunt_megastairs_4
Lair:3:   layout_small_grid, shoals_dummy_entry, gauntlet_entry_generic,
          nicolae_volcano_entry_hallway, uniq_nergalle
Lair:4:   layout_roguey [special_room_mythical_zoo]
Lair:5:   evil_forest, layout_big_grid, nicolae_slime_entry_slimehenge,
          serial_bayou_pond_e
Shoals:1: layout_shoals, serial_shops, bzr_entry_water,
          nicolae_shoals_land_atoll, nicolae_shoals_loop_pool
Shoals:2: layout_shoals, uniq_polyphemus, uniq_donald
Shoals:3: layout_shoals, nicolae_shoals_lost_giant_amphitheater,
          nicolae_shoals_c_island
Shoals:4: shoals_end_grunt_ice, layout_shoals, ebering_ghost_xom, serial_shops,
          shop
Snake:1:  layout_onion, serial_shops, shop, minmay_shop_star,
          nicolae_triple_integral
Snake:2:  layout_basic, nicolae_snake_gridmaze_swirls, st_stairs_13,
          nicolae_snake_magic_snake_eye, uniq_asterion
Snake:3:  layout_chambers, minmay_shoptagon, grunt_megastairs_3, uniq_aizul
Snake:4:  grunt_snake_rune_pools, layout_misc_corridors, st_stairs_11
Slime:1:  nicolae_slime_infinislime, layout_caves
Slime:2:  layout_caves, nicolae_slime_barrier
Slime:3:  layout_caves
Slime:4:  layout_caves, nicolae_slime_getting_an_eyeful
Slime:5
Orc:1:    layout_caves, serial_shops, shop, minmay_shop_enchanted_jewellery,
          nicolae_shop_clearance
Orc:2:    pf_orc_diabolical, layout_caves, serial_shops, shop
Elf:1:    layout_loops_corners, minmay_elf_necromancy
Elf:2:    elven_hall_of_blades_hangedman_original [nicolae_blade_bullseye],
          layout_loops_corners, st_stairs_9, nicolae_elf_martial_mastery
Elf:3:    minmay_elf_hall_spiked, layout_geoelf_grid, nicolae_elf_v_pinch
Vaults:1: v_misc_19, hangedman_vaults_cutoff, v_rooms_1,
          nicolae_vaults_offset_grid_hallway_1, st_smaller_cells,
          ontoclasm_vaults_misaligned, hangedman_vaults_pinch,
          hangedman_vaults_stitches, v_alt_pattern_6, vaults_mumra_hex,
          nicolae_vaults_offset_grid_hallway_3,
          nicolae_vaults_storage_room_statues, vaults_room_pools,
          nicolae_vaults_little_squares_6, layout_vaults_omnicross,
          serial_shops, nicolae_shop_just_a_little_nook
Vaults:2: portal_desolation_entry_ruin, ontoclasm_vaults_eye,
          ontoclasm_vaults_chip, v_misc_29, nicolae_vaults_house_1,
          nicolae_vaults_alarming, ontoclasm_vaults_chip,
          nicolae_vaults_tetromino_L_2, nicolae_vaults_house_1,
          layout_vaults_quadrants, uniq_jory
Vaults:3: infiniplex_enter_wizlab_water, minmay_crypt_entry_necro_gods,
          nicolae_vaults_puzzle_piece, v_alt_pattern_5, vaults_room_large_hall,
          v_misc_5, v_alt_pattern_3, hangedman_vaults_capsules,
          ontoclasm_vaults_loading_screen, nicolae_vaults_little_ls,
          hangedman_vaults_stretched_pinwheel, vaults_room_door_hall,
          layout_vaults_chaotic_city, serial_shops,
          nicolae_shop_tiny_statue_garden, uniq_margery
Vaults:4: nicolae_vaults_network_periphery, v_pattern_1, st_greater_box_2,
          grunt_vaults_hallway_short, grunt_vaults_trifunnel, vaults_dpeg_hooks,
          ontoclasm_vaults_spin, nicolae_vaults_trapezoid_lopsided_3,
          nicolae_vaults_network_star, nicolae_vaults_twisting_passages,
          nicolae_vaults_offset_grid_hallway_3, layout_vaults_omnibox
Vaults:5
Crypt:1:  layout_chaotic_city, grunt_crypt_arrival_guarded_gate,
          roderic_lattice_octagonal_star, uniq_josephina
Crypt:2:  layout_regular_city, minmay_misc_feat_hallway, uniq_grunn, uniq_zenata
Crypt:3:  david_glass_crypt, layout_basic, tomb_entry_forgotten_bobbens,
          st_stairs_7, chequers_hall_statues_y, fountainhead
Tomb:1
Tomb:2
Tomb:3
Depths:1: wad_courtyard, layout_basic, abyss_entry_small_statue_room,
          hangedman_coc_ice_floe, hangedman_decor_riveting,
          chequers_serial_rivers_large_b, ashenzari_altar_1
Depths:2: nicolae_legendary_halls, layout_basic, pf_vacation_house_of_asmodeus,
          grunt_pan_entry_zigzag, minmay_misc_feat_five,
          minmay_staircase_statues
Depths:3: evilmike_library_of_no_secrets, layout_gridville, enter_ziggurat_c,
          minmay_room_of_horrors, nicolae_cairo_tiling_large, hell_entry,
          nicolae_sif_muna_little_library
Depths:4: grunt_crosshair, layout_honeycomb, grunt_hell_entry_dis_old,
          lemuel_tele_altar, nicolae_dithmenos_the_darkroom
Hell
Dis:1:    layout_gridville
Dis:2:    layout_jigsaw, nicolae_dis_strange_trophy_room
Dis:3:    layout_jigsaw
Dis:4:    layout_gridville
Dis:5:    layout_subdivisions
Dis:6:    layout_gridville
Dis:7:    dis_st
Geh:1:    layout_gehenna_lava_caves, nicolae_geh_single_fiery_grave
Geh:2:    layout_gehenna_pools_basic
Geh:3:    layout_gehenna_lava_caves
Geh:4:    layout_gehenna_lava_caves
Geh:5:    layout_gehenna_pools_basic, nicolae_geh_lava_in_the_way
Geh:6:    layout_gehenna_pools_box
Geh:7:    geh_grunt
Coc:1:    layout_ice_bergs
Coc:2:    nicolae_coc_city_of_iceburg
Coc:3:    layout_cocytus_water_paths
Coc:4:    layout_ice_bergs
Coc:5:    layout_cocytus_water_paths
Coc:6:    layout_ice_bergs
Coc:7:    coc_grunt
Tar:1:    layout_grid_maze, nicolae_tar_cuneiform_bird
Tar:2:    layout_honeycomb, nicolae_tar_grid_combs
Tar:3:    layout_cathedral_of_symmetry, nicolae_tar_cuneiform_bird
Tar:4:    layout_grid_maze
Tar:5:    layout_cathedral_of_symmetry, nicolae_tar_cuneiform_oil
Tar:6:    nicolae_tar_tart_auras, layout_cathedral_of_symmetry
Tar:7:    tar_old
Zot:1:    layout_misc_corridors, grunt_megastairs_2
Zot:2:    layout_gridlike, evilmike_ambush [evilmike_ambush_outer_basic,
          evilmike_ambush_inner_wall_1]
Zot:3:    infiniplex_zot_generator, layout_cathedral_of_symmetry,
          hangedman_elemental_grid_stream
Zot:4:    kennysheep_bubbly, layout_onion_interference
Zot:5:    layout_gridlike, nicolae_zot_crop_circle

Skill      XL: |  1  2  3  4  5  6  7  8  9 10 11 12 13 14 15 16 17 18 19 20 21 22 23 24 25 26 27 |
---------------+----------------------------------------------------------------------------------+-----
Maces & Flails | 3 4 5 6 7 9 12 15 16 20 | 20.5
Fighting       | 4 5 6 8 10 11 12 14 16 17 18 19 20 21 22 23 24 25 26 27 | 27.0
Shields        | 4 5 6 9 10 27 | 27.0
Armour         | 6 8 9 11 13 14 15 16 17 18 19 20 27 | 27.0
Throwing       | 3 5 6 8 10 11 13 14 15 16 27 | 27.0
Invocations    | 3 5 7 10 12 13 | 13.0
Translocations | 2 7 10 12 14 15 17 18 19 20 27 | 27.0
Polearms       | 9 12 19 | 19.1
Dodging        | 6 9 11 12 14 27 | 27.0
Summonings     | 4 8 9 10 13 15 | 15.0
Spellcasting   | 2 5 7 9 27 | 27.0
Transmutations | 1 3 5 15 | 15.0
Earth Magic    | 2 |  2.0
Necromancy     | 27 | 27.0

Action                     |  1- 3 |  4- 6 |  7- 9 | 10-12 | 13-15 | 16-18 | 19-21 | 22-24 | 25-27 || total
---------------------------+-------+-------+-------+-------+-------+-------+-------+-------+-------++-------
  Melee: Flail             |   119 |    65 |       |       |       |       |       |       |       ||   184
         Kick              |       |    28 |   101 |       |       |       |       |       |       ||   129
         Whip              |       |    79 |   450 |   573 |       |       |       |       |       ||  1102
         Unarmed           |       |       |       |     4 |       |       |       |       |       ||     4
         Eveningstar       |       |       |       |   157 |   527 |   689 |  1017 |       |  1111 ||  3501
         Lance             |       |       |       |       |       |       |   164 |  1613 | 12468 || 14245
  Throw: Dart              |       |     6 |     4 |    19 |     7 |     3 |     2 |     1 |     2 ||    44
         Boomerang         |       |       |       |     8 |   152 |   102 |    99 |    72 |   375 ||   808
         Javelin           |       |       |       |    11 |    20 |     5 |     2 |     8 |    80 ||   126
         Throwing net      |       |       |       |       |       |       |       |     1 |     3 ||     4
   Cast: Manifold Assault  |       |       |       |       |       |     2 |   152 |    47 |   963 ||  1164
         Vhi's Electric Ch |       |       |       |       |       |       |    49 |    31 |   375 ||   455
         Blink             |       |       |       |       |       |       |     1 |       |    12 ||    13
         Summon Forest     |       |       |       |       |       |       |       |     7 |    26 ||    33
         Portal Projectile |       |       |       |       |       |       |       |     5 |    15 ||    20
         Iskenderun's Myst |       |       |       |       |       |       |       |     2 |     1 ||     3
         Wereblood         |       |       |       |       |       |       |       |       |   131 ||   131
         Lesser Beckoning  |       |       |       |       |       |       |       |       |   159 ||   159
         Gell's Gravitas   |       |       |       |       |       |       |       |       |    27 ||    27
         Animate Armour    |       |       |       |       |       |       |       |       |   201 ||   201
         Sublimation of Bl |       |       |       |       |       |       |       |       |   197 ||   197
         Borgnjor's Vile C |       |       |       |       |       |       |       |       |   195 ||   195
         Haunt             |       |       |       |       |       |       |       |       |    88 ||    88
         Necromutation     |       |       |       |       |       |       |       |       |    66 ||    66
         Malign Gateway    |       |       |       |       |       |       |       |       |    56 ||    56
         Apportation       |       |       |       |       |       |       |       |       |    12 ||    12
         Passage of Golubr |       |       |       |       |       |       |       |       |     6 ||     6
         Infestation       |       |       |       |       |       |       |       |       |     5 ||     5
         Monstrous Menager |       |       |       |       |       |       |       |       |     4 ||     4
         Borgnjor's Revivi |       |       |       |       |       |       |       |       |     3 ||     3
         Disjunction       |       |       |       |       |       |       |       |       |     2 ||     2
         Passwall          |       |       |       |       |       |       |       |       |     1 ||     1
         Summon Horrible T |       |       |       |       |       |       |       |       |     1 ||     1
         Death's Door      |       |       |       |       |       |       |       |       |     1 ||     1
 Invoke: Temporal Distorti |       |       |       |     3 |       |       |       |       |     1 ||     4
         Slouch            |       |       |       |       |     5 |     6 |     5 |     3 |    32 ||    51
         Bend Time         |       |       |       |       |     2 |     1 |       |       |       ||     3
         Step From Time    |       |       |       |       |       |       |       |     1 |     5 ||     6
Ability: Hop               |       |     1 |       |     6 |     4 |     3 |     2 |     1 |    31 ||    48
         End Transformatio |       |       |       |       |       |       |       |       |     8 ||     8
  Evoke: Wand              |       |       |     1 |     4 |     1 |     1 |       |       |    22 ||    29
         Box of beasts     |       |       |       |       |       |       |     1 |       |       ||     1
         Phantom mirror    |       |       |       |       |       |       |       |       |     1 ||     1
    Use: Potion            |     1 |     3 |       |     2 |     3 |       |     3 |     1 |    72 ||    85
         Scroll            |       |     4 |     7 |    15 |     9 |     4 |       |     2 |    43 ||    84
   Stab: Petrified         |       |       |       |       |     2 |       |       |       |       ||     2
         Distracted        |       |       |       |       |       |       |       |     1 |    59 ||    60
         Sleeping          |       |       |       |       |       |       |       |       |     1 ||     1
         Held in net/web   |       |       |       |       |       |       |       |       |     5 ||     5
 Armour: Scale mail        |    97 |    74 |    84 |     7 |       |       |       |       |       ||   262
         Plate armour      |       |       |       |   238 |   368 |   471 |   388 |   432 |  1589 ||  3486
         Chain mail        |       |       |       |    10 |       |       |       |       |       ||    10
         Skin              |       |       |       |     1 |       |       |       |       |       ||     1
         Crystal plate arm |       |       |       |       |       |       |       |       |  1783 ||  1783
  Dodge: Dodged            |    97 |    54 |   110 |   265 |   191 |   211 |   172 |  1093 |  6693 ||  8886
  Block: Buckler           |    27 |    36 |    88 |   187 |   254 |   325 |       |       |       ||   917
         Reflection        |       |       |       |       |    17 |    90 |    22 |    14 |       ||   143
         Kite shield       |       |       |       |       |       |   361 |   572 |   943 |  1471 ||  3347
         Tower shield      |       |       |       |       |       |       |       |       |  9645 ||  9645
Riposte: Eveningstar       |       |       |       |       |       |       |       |       |   111 ||   111
         Lance             |       |       |       |       |       |       |       |       |     8 ||     8
